 Dungeon Crawl Stone Soup version 0.30-a0-168-g0b976cbdc4 (webtiles) character file.

Game seed: 11630437793914549604

471575 qw the Slayer (level 24, -7/166 (171) HPs)
             Began as a Gargoyle Fighter on Sept 29, 2022.
             Was a High Priest of Okawaru.
             Mangled by a black draconian knight
             ... wielding a +0 battleaxe
              (10 damage)
             ... on level 1 of the Realm of Zot.
             The game lasted 00:30:30 (51512 turns).

qw the Slayer (Gargoyle Fighter)                   Turns: 51512, Time: 00:30:30

HP:   -7/166 (171)  AC: 59    Str: 26    XL:     24   Next: 36%
MP:   0/30          EV: 16    Int: 15    God:    Okawaru [*****.]
Gold: 719           SH: 23    Dex:  9    Spells: 23/23 levels left

rFire   + + .      SeeInvis .    v - +3 broad axe (vamp)
rCold   + + +      Faith    .    f - +0 tower shield
rNeg    + . .      Spirit   .    G - +6 plate armour {rC+}
rPois   inf        Reflect  .    k - +2 helmet
rElec   +          Harm     .    H - scarf {rC+ rF+}
rCorr   +          Rampage  .    i - +2 pair of gloves
Will    ++++.                    e - +2 pair of boots of the Hot Ocelot {rF+ Will+++ rCorr Str-2}
Stlth   ..........               M - amulet of Vitality {RegenMP++ Regen++}
HPRegen 1.97/turn                c - ring of Fask {rC+ Int+2 Slay+3}
MPRegen 1.02/turn                y - +4 ring of evasion

@: about to teleport, heroic, flying, slowed, lightly drained, very slow
A: sickness immunity, AC +18, big wings, negative energy resistance 1,
electricity resistance, torment resistance 1, petrification resistance, mutation
resistance 1
}: 3/15 runes: barnacled, silver, gossamer
a: Renounce Religion, Heroism, Finesse, Duel


You were on level 1 of the Realm of Zot.
You worshipped Okawaru.
Okawaru was extremely pleased with you.
You visited 9 branches of the dungeon, and saw 41 of its levels.
You also visited: Sewer, Ossuary and Gauntlet.

You collected 6821 gold pieces.
You spent 6102 gold pieces at shops.


Innate Abilities, Weirdness & Mutations

You are immune to sickness and miasma.
Your stone body is resilient. (AC +18)
You are immune to poison.
Your large and strong wings let you fly.
You resist negative energy. (rN+)
You are resistant to electric shocks. (rElec)
You are resistant to unholy torment.
You are immune to petrification.
You are somewhat resistant to further mutation.


   Skills:
 - Level 23.0(27) Fighting
 - Level 18.0(23.0) Axes
 - Level 13.0(18.0) Throwing
 + Level 21.4(26.4) Armour
 - Level 6.0(11.0) Dodging
 - Level 21.8(26.8) Shields
 - Level 10.0 Invocations


You had 23 spell levels left.
You didn't know any spells.
Your spell library was empty.

Inventory:

Hand Weapons
 m - the +9 broad axe of Icsiwn {holy, *Noise Int+4}
   (You found it on level 5 of the Vaults)

   It has been blessed by the Shining One to cause great damage to the undead
   and demons.
   Int:       It affects your intelligence (+4).
   *Noise:    It may make noises in combat.
 v - a +3 vampiric broad axe (weapon)
Missiles
 p - 31 javelins
 u - 14 silver javelins (quivered)
Armour
 e - the +2 pair of boots of the Hot Ocelot (worn) {rF+ Will+++ rCorr Str-2}
   (Okawaru gifted it to you on level 3 of the Vaults)

   Str:       It affects your strength (-2).
   rF:        It protects you from fire.
   rCorr:     It protects you from acid and corrosion.
   Will:      It greatly increases your willpower.
 f - a +0 tower shield (worn)
 i - a +2 pair of gloves (worn)
 k - a +2 helmet (worn)
 o - the +1 ring mail of the Thistle {rCorr}
   (You found it in an ossuary)

   rCorr:     It protects you from acid and corrosion.
 r - a scarf of repulsion
 B - the +3 pair of mountain boots {steadfast, rC+}
   (Okawaru gifted it to you on level 3 of the Lair of Beasts)

   It prevents involuntary movement, except for blinking, teleportation, or
   banishment.
   rC:        It protects you from cold.
 E - a +1 cloak of poison resistance
 G - a +6 plate armour of cold resistance (worn)
 H - a scarf of resistance (worn)
 L - +0 gold dragon scales
Jewellery
 c - the ring of Fask (left hand) {rC+ Int+2 Slay+3}
   (You found it in a Gauntlet)

   [ring of protection from cold]

   Int:       It affects your intelligence (+2).
   Slay:      It affects your accuracy & damage with ranged weapons and melee
   (+3).
   rC:        It protects you from cold.
 g - a ring of resist corrosion
 t - a ring of protection from cold
 x - a ring of protection from fire
 y - a +4 ring of evasion (right hand)
 z - the ring "Gedghu" {rPois Will+ rCorr Str-3}
   (You bought it in a shop on level 8 of the Dungeon)

   [ring of poison resistance]

   Str:       It affects your strength (-3).
   rPois:     It protects you from poison.
   rCorr:     It protects you from acid and corrosion.
   Will:      It increases your willpower.
 F - a ring of protection from fire
 I - a +4 ring of slaying {mikee}
 M - the amulet of Vitality (around neck) {RegenMP++ Regen++}
   (You found it on level 3 of the Depths)

   [amulet of magic regeneration]

   It increases your rate of magic regeneration.
   Regen:     It increases your rate of health regeneration.
Wands
 j - a wand of digging (13)
Scrolls
 a - 20 scrolls of identify
 q - 13 scrolls of teleportation
Potions
 b - 6 potions of lignification
 d - 15 potions of might
 h - 34 potions of curing
 l - 9 potions of haste
 n - 8 potions of mutation
 s - a potion of attraction
 w - 5 potions of resistance
 C - 9 potions of heal wounds
 D - 5 potions of magic
 K - 2 potions of cancellation

Dungeon Overview and Level Annotations

Branches:
Dungeon (15/15)            Temple (1/1) D:5            Lair (5/5) D:9
 Shoals (4/4) Lair:2       Spider (4/4) Lair:3        Slime (0/5) Lair:5
    Orc (2/2) D:10            Elf (0/3) Orc:2        Vaults (5/5) D:13
  Crypt (0/3) Vaults:3     Depths (4/4) D:15            Zot (1/5) Depths:4
  Sewer (visited)         Ossuary (visited)         Gauntlet (visited)

Altars:
Ashenzari
Cheibriados
Dithmenos
Elyvilon
Fedhas
Gozag
Hepliaklqana
Kikubaaqudgha
Makhleb
Nemelex Xobeh
Okawaru
Qazlal
Ru
Sif Muna
Trog
Uskayaw
Vehumet
Wu Jian
Xom
Yredelemnul
Zin
The Shining One
Jiyva
Lugonu

Shops:
D:5 ?   D:8 (*=   Orc:1 (**[(   Orc:2 (*?!   Vaults:3 *   Vaults:5 !*
Depths:2 *

Portals:
Hell: Depths:1 Depths:2 Depths:3 Depths:4
Abyss: D:3 Spider:4 Depths:2 Depths:3
Pandemonium: Depths:2 Depths:3 Depths:4
Ziggurat: Depths:2
Trove: Vaults:1 (give +3 shadow dragon scales)

Annotations:
D:3 2 transporters, qw's ghost, amateur GrFi
D:5 1 runed translucent door, Crazy Yiuf
D:11 1 runed translucent door, Ereiziar's ghost, journeyman DsFi
D:12 6 transporters
D:15 2 transporters, Waecyras's ghost, adept KoGl
Lair:2 3 runed translucent doors, qw's ghost, journeyman GrFi
Lair:3 3 runed translucent doors, qw's ghost, journeyman GrFi
Lair:5 1 runed translucent door
Spider:4 3 runed translucent doors, Zosacw's ghost, adept HaHu


Message History

The shadow dragon goes berserk!
You hear a roar! x2
51512 ||| READING 14 scrolls of teleportation.
As you read the scroll of teleportation, it crumbles to dust.
You feel strangely unstable.
You feel the Orb delaying your translocation!
You block the death cob's attack.
You block the quicksilver dragon's attack. x2
The storm dragon bites you but does no damage.
The storm dragon completely misses you.
The storm dragon tramples you but does no damage.
You block the red draconian's attack. The death cob barely misses you.
You block the green draconian's attack.
The black draconian hits you but does no damage.
The golden dragon bites you but does no damage.
You block the golden dragon's attack. The golden dragon tramples you!
You hold your ground!
The moth of wrath goads the tentacled monstrosity on!
The tentacled monstrosity goes berserk!
You hear some strange, mumbled words.
A shard of ice appears from out of thin air!
The shard of ice hits you!! You partially resist.
The quicksilver dragon bites you but does no damage.
The quicksilver dragon closely misses you.
The storm dragon completely misses you.
The storm dragon claws you but does no damage.
The storm dragon tramples you but does no damage.
You block the shadow dragon's attack.
The shadow dragon completely misses you.
The shadow dragon claws you but does no damage.
The purple draconian shifter gestures wildly while chanting.
The purple draconian shifter blinks!
The yellow draconian annihilator misses you.
The purple draconian completely misses you.
The moth of wrath goads the red draconian on!
The red draconian goes berserk!
You block the red draconian's attack.
You feel you are being watched by something.
You feel your power leaking away. The death cob closely misses you.
Something hits you!
You die...

#.# ##.# #
######..###
#.##.........#####
#.#......^....d...
#.......d.D....#
#.......dDDq...#
#.....yddD@DD..#
#.....ddqqz{Dy.#
#....\DXXdyd...#
#...¤.dddy......#
#.......y......#.#
#..................
...¤.............##
q................#
..............#


You could see 3 shadow dragons, 2 tentacled monstrosities, 2 golden dragons, 2
storm dragons, a black draconian (berserk), a yellow draconian (berserk), 3
draconians, a purple draconian, 4 draconians, 2 draconians, a purple draconian
shifter, a death cob, a quicksilver dragon (berserk), a yellow draconian
annihilator, a red draconian scorcher and 5 moths of wrath.

Vanquished Creatures
  2 ancient liches (Vaults:5)
  A dread lich (Vaults:5)
  A juggernaut (Depths:3)
  Mara (Vaults:2)
  Sojobo (Depths:4)
  Margery (Vaults:2)
  Bai Suzhen (Vaults:4)
  Saint Roka (Depths:3)
  Nikola (Spider:1)
  3 golden dragons
  Jory (Vaults:3)
  2 bone dragons (Depths:4)
  2 tentacled monstrosities (Depths:3)
  3 liches
  Zenata (Vaults:3)
  A quicksilver dragon (Vaults:5)
  Mlioglotl (Shoals:1)
  5 titans
  A walking divine tome (Depths:3)
  A kraken (Shoals:2)
  Gastronok (D:8)
  15 sphinxes
  Agnes (D:15)
  Frances (Spider:1)
  10 tengu reavers
  Kirke (D:14)
  11 storm dragons
  3 shadow dragons
  Ilsuiw (Shoals:2)
  12 fire giants
  2 deep elf sorcerers (Vaults:4)
  4 ghost moths
  An iron dragon (Vaults:5)
  A draconian shifter (Depths:4)
  4 frost giants
  Aizul (Spider:1)
  20 vault wardens
  2 emperor scorpions
  An orc warlord (Vaults:4)
  5 spriggan defenders
  26 very ugly things
  16 ironbound preservers
  19 stone giants
  9 broodmothers
  A reaper (Depths:3)
  5 ironbound thunderhulks
  3 deep elf demonologists (Vaults:5)
  3 black draconians (Depths:4)
  2 green draconians (Depths:4)
  2 vampire knights (Depths:2)
  3 minotaurs
  A dire elephant (D:15)
  A deep elf annihilator (Vaults:5)
  13 spark wasps
  Azrael (Orc:2)
  3 purple draconians (Depths:4)
  A white draconian (Depths:4)
  2 merfolk javelineers
  13 entropy weavers
  5 deep elf high priests (Vaults:5)
  Josephine (D:11)
  7 merfolk impalers
  5 fire dragons
  3 great orbs of eyes
  8 hydras
  3 rakshasas
  15 ettins
  An entropy weaver (shapeshifter) (D:14)
  10 yaktaur captains
  A crystal guardian (Vaults:4)
  39 vault guards
  2 peacekeepers
  2 ogre magi (Vaults:5)
  5 spriggan air magi
  4 alligator snapping turtles
  4 merfolk aquamancers
  6 ice dragons
  10 centaur warriors
  12 ironbound frosthearts
  A jorogumo (Spider:4)
  A radroach (Spider:1)
  6 tengu warriors
  5 boulder beetles
  12 satyrs (Shoals:4)
  An alligator (Shoals:1)
  4 merfolk avatars
  6 deep troll earth magi
  4 deep troll shamans (Depths:3)
  2 death scarabs (Gauntlet)
  11 two-headed ogres
  Urug (D:11)
  3 vampire magi
  8 spriggan berserkers
  Sonja (D:11)
  Nergalle (Lair:3)
  4 hell knights (Vaults:2)
  2 spectral death yaks (Gauntlet)
  3 deep elf knights (Vaults:5)
  A shock serpent (shapeshifter) (Vaults:5)
  A sea snake (Shoals:3)
  2 sixfirhies
  6 iron trolls
  7 pharaoh ants
  A sun moth (Spider:4)
  A salamander mystic (Depths:2)
  A flayed ghost (Depths:2)
  A swamp dragon (shapeshifter) (Depths:3)
  A glowing orange brain (Depths:3)
  A deep elf archer (Vaults:5)
  3 steelbarb worms
  3 wizards
  13 lindwurms
  14 orb spiders
  Pikel (D:4)
  21 ironbound convokers
  16 harpies
  59 deep trolls
  8 deep elf pyromancers
  5 orc knights
  4 necromancers
  5 phantasmal warriors
  24 wolf spiders
  6 deep elf zephyrmancers (D:15)
  A lindwurm (shapeshifter) (Vaults:5)
  4 salamanders
  A fire giant zombie (Depths:1)
  7 fauns (Shoals:4)
  2 orc sorcerers (Orc:1)
  A worldbinder (Gauntlet)
  A shining eye (shapeshifter) (Vaults:5)
  A tengu skeleton (Vaults:2)
  3 moths of wrath (Spider:4)
  28 ugly things
  9 cyclopes
  6 merfolk sirens
  4 elephants
  18 manticores
  2 black mambas
  Maurice (D:11)
  A fire giant skeleton (Depths:1)
  A stone giant skeleton (Vaults:2)
  2 smoke demons
  18 vault sentinels
  13 cane toads
  4 water nymphs
  An eye of devastation (shapeshifter) (Depths:3)
  A hellion (Depths:4)
  An elf skeleton (Vaults:2)
  6 torpor snails
  3 rime drakes
  16 demonic crawlers
  2 efreet
  47 yaktaurs
  10 komodo dragons
  3 freezing wraiths
  An ice devil (Depths:4)
  3 tengu conjurers
  2 hellwings
  10 polar bears
  5 meliai
  A merfolk (shapeshifter) (Vaults:5)
  18 merfolk
  7 trolls
  25 slime creatures
  A wolf spider simulacrum (D:15)
  43 tarantellas
  5 wind drakes
  12 snapping turtles
  12 dream sheep
  10 hornets
  13 blink frogs
  A dream sheep (shapeshifter) (Vaults:4)
  Sigmund (D:2)
  25 jumping spiders
  19 culicivoras
  20 spriggans
  A shadow (D:10)
  4 wraiths (D:11)
  5 wyverns
  13 water elementals
  A fire elemental (Orc:2)
  50 yaks
  8 basilisks
  4 hogs (D:14)
  2 basilisks (shapeshifter)
  A spectral komodo dragon (Gauntlet)
  62 redbacks
  A redback (shapeshifter) (Vaults:5)
  6 wargs
  Menkaure (D:4)
  4 steam dragons
  2 chaos spawn
  A spectral cane toad (Gauntlet)
  4 acid dragons
  13 water moccasins
  3 hell hounds (Orc:2)
  A floating eye (Depths:1)
  3 ice beasts
  A sky beast (D:7)
  5 black bears
  41 orc warriors
  7 boggarts
  An ettin simulacrum (Depths:1)
  12 ogres
  12 centaurs
  An elf simulacrum (Vaults:2)
  62 wolves
  A phantom (D:7)
  A lemure (D:4)
  3 kobold brigands
  10 bullfrogs
  A necrophage (D:7)
  2 gnoll sergeants (D:9)
  A glowing shapeshifter simulacrum (Depths:1)
  2 scorpions
  3 water moccasin zombies (Ossuary)
  24 killer bees
  5 electric eels
  9 howler monkeys
  3 jellies
  8 orc priests
  6 hounds
  Jessica (D:2)
  Ijyb (D:5)
  8 iguanas
  15 orc wizards
  2 mummies (Ossuary)
  5 gnolls (D:9)
  17 adders
  A river rat (Sewer)
  2 shadow imps
  4 white imps
  4 ufetubi
  6 adder zombies (Ossuary)
  6 worms
  4 dart slugs
  60 orcs
  6 ball pythons
  8 endoplasms
  6 giant cockroaches
  4 hobgoblins
  6 jackals
  22 kobolds
  4 quokkas
  4 bats
  2 frilled lizards
  3 gnoll zombies (Ossuary)
  6 goblins
  6 hobgoblin zombies (Ossuary)
  6 kobold zombies (Ossuary)
  3 orc zombies (Ossuary)
  10 rats
  A bush (D:5)
  A lurking horror (Spider:4)
  A tentacle (Shoals:2)
1774 creatures vanquished.

Vanquished Creatures (others)
  An ogre mage (D:14)
  A steelbarb worm (Spider:1)
  An orb spider (Spider:1)
  A redback (Spider:1)
  An orc priest (Orc:1)
  An adder (D:5)
  8 bushes (D:14)
  A demonic plant (D:7)
  21 fungi
  51 plants
  3 tentacles (Shoals:2)
  14 withered plants (Gauntlet)
104 creatures vanquished.

Grand Total: 1878 creatures vanquished

Notes
Turn   | Place    | Note
-------+----------+-------------------------------------------
     0 | D:1      | qw the Gargoyle Fighter began the quest for the Orb.
     0 | D:1      | Reached XP level 1. HP: 14/14 MP: 1/1
     0 | D:1      | 0 ||| qw: Version: 0.2-a-12-gaebbb33
     0 | D:1      | 0 ||| qw: Game counter: 1170
     0 | D:1      | 0 ||| qw: Always use a shield: true
     0 | D:1      | 0 ||| qw: God list: Okawaru
     0 | D:1      | 0 ||| qw: Allow faded altars: false
     0 | D:1      | 0 ||| qw: Do Orc after D:15 true
     0 | D:1      | 0 ||| qw: Do second Lair branch before Depths: true
     0 | D:1      | 0 ||| qw: Lair rune preference: random
     0 | D:1      | 0 ||| qw: Plans: Normal, Zot:1-4, God:TSO, Crypt, Tomb,
                  | Pan, Slime:5, Hells, Abyss, Orb
     0 | D:1      | 0 ||| PLANNING D:1-11
    14 | D:1      | 14 ||| Stepping ~*~*~tactically~*~*~ (stealth).
    26 | D:1      | 26 ||| Stepping ~*~*~tactically~*~*~ (stealth).
    37 | D:1      | 37 ||| Stepping ~*~*~tactically~*~*~ (stealth).
   108 | D:1      | Reached XP level 2. HP: 19/19 MP: 2/2
   327 | D:1      | 327 ||| Stepping ~*~*~tactically~*~*~ (stealth).
   329 | D:1      | 329 ||| Stepping ~*~*~tactically~*~*~ (stealth).
   509 | D:1      | Reached skill level 3 in Axes
   708 | D:1      | Reached XP level 3. HP: 23/23 MP: 3/3
   963 | D:1      | 963 ||| UPGRADING to +0 cloak.
   968 | D:1      | 968 ||| UPGRADING to +2 pair of gloves.
   973 | D:1      | 973 ||| UPGRADING to +0 helmet.
   978 | D:1      | 978 ||| READING 3 scrolls labelled GOIDADWICEE.
   979 | D:1      | 979 ||| READING scroll labelled BALIUSHR REFEM.
   980 | D:1      | 980 ||| DRINKING 2 coppery potions.
   981 | D:1      | 981 ||| READING 2 scrolls of identify.
   981 | D:1      | 981 ||| IDENTIFYING lumpy silvery potion
  1078 | D:2      | Noticed Sigmund
  1087 | D:2      | Killed Sigmund
  1088 | D:2      | Reached XP level 4. HP: 10/28 MP: 4/4
  1088 | D:2      | Reached XP level 5. HP: 12/32 MP: 5/5
  1156 | D:2      | 1156 ||| FLEEEEING.
  1157 | D:2      | 1157 ||| FLEEEEING.
  1158 | D:2      | 1158 ||| FLEEEEING.
  1159 | D:2      | 1159 ||| FLEEEEING.
  1160 | D:2      | 1160 ||| FLEEEEING.
  1161 | D:2      | 1161 ||| FLEEEEING.
  1162 | D:2      | 1162 ||| FLEEEEING.
  1163 | D:2      | 1163 ||| FLEEEEING.
  1164 | D:2      | 1164 ||| FLEEEEING.
  1165 | D:2      | 1165 ||| FLEEEEING.
  1166 | D:2      | 1166 ||| FLEEEEING.
  1167 | D:2      | 1167 ||| STAIRDANCE
  1413 | D:2      | 1413 ||| Stepping ~*~*~tactically~*~*~ (stealth).
  1414 | D:2      | 1414 ||| Stepping ~*~*~tactically~*~*~ (stealth).
  1504 | D:2      | Found a faded altar of an unknown god.
  1513 | D:2      | Noticed Jessica
  1514 | D:2      | 1514 ||| Stepping ~*~*~tactically~*~*~ (hiding).
  1518 | D:2      | Killed Jessica
  1519 | D:2      | Reached skill level 4 in Fighting
  1519 | D:2      | Reached XP level 6. HP: 38/38 MP: 6/6
  2080 | D:2      | 2080 ||| UPGRADING to +6 ring of strength.
  2081 | D:2      | 2081 ||| READING scroll labelled ZOETUD TIDADUE.
  2082 | D:2      | 2082 ||| READING scroll labelled ZULLEA JEUZXU.
  2083 | D:2      | 2083 ||| READING scroll labelled OSAOTA ZOCU.
  2084 | D:2      | 2084 ||| READING 2 scrolls of identify.
  2084 | D:2      | 2084 ||| IDENTIFYING cyan potion
  2085 | D:2      | 2085 ||| DROPPING potion of magic.
  2298 | D:3      | Found a transporter.
  2309 | D:3      | Found a one-way gate to the infinite horrors of the Abyss.
  2331 | D:3      | Noticed qw's ghost (amateur GrFi)
  2343 | D:3      | Found a transporter.
  2357 | D:3      | 2357 ||| Stepping ~*~*~tactically~*~*~ (stealth).
  2360 | D:3      | 2360 ||| Stepping ~*~*~tactically~*~*~ (stealth).
  2367 | D:3      | 2367 ||| Stepping ~*~*~tactically~*~*~ (stealth).
  2374 | D:3      | 2374 ||| Stepping ~*~*~tactically~*~*~ (stealth).
  2384 | D:3      | Reached skill level 1 in Dodging
  2517 | D:3      | 2517 ||| Stepping ~*~*~tactically~*~*~ (hiding).
  2834 | D:3      | 2834 ||| UPGRADING to +2 scale mail of cold resistance.
  2844 | D:3      | 2844 ||| DROPPING +0 scale mail.
  2845 | D:3      | 2845 ||| DROPPING orb of guile.
  2846 | D:3      | 2846 ||| READING scroll labelled ELUYRCHEDOX.
  2847 | D:3      | 2847 ||| DRINKING 2 murky sapphire potions.
  2848 | D:3      | 2848 ||| READING 2 scrolls of identify.
  2848 | D:3      | 2848 ||| IDENTIFYING metallic puce potion
  2849 | D:3      | 2849 ||| DROPPING potion of degeneration.
  2897 | D:4      | 2897 ||| Stepping ~*~*~tactically~*~*~ (hiding).
  3100 | D:4      | Noticed Menkaure
  3109 | D:4      | HP: 8/38 [Menkaure (7)]
  3110 | D:4      | 3110 ||| DRINKING potion of heal wounds.
  3112 | D:4      | Killed Menkaure
  3113 | D:4      | Reached skill level 6 in Axes
  3113 | D:4      | Reached XP level 7. HP: 23/43 MP: 7/7
  3333 | D:4      | 3333 ||| Stepping ~*~*~tactically~*~*~ (hiding).
  3349 | D:4      | 3349 ||| FLEEEEING.
  3350 | D:4      | 3350 ||| FLEEEEING.
  3351 | D:4      | 3351 ||| FLEEEEING.
  3352 | D:4      | 3352 ||| FLEEEEING.
  3353 | D:4      | 3353 ||| FLEEEEING.
  3354 | D:4      | 3354 ||| FLEEEEING.
  3355 | D:4      | 3355 ||| FLEEEEING.
  3356 | D:4      | 3356 ||| FLEEEEING.
  3357 | D:4      | 3357 ||| FLEEEEING.
  3358 | D:4      | 3358 ||| FLEEEEING.
  3359 | D:4      | 3359 ||| FLEEEEING.
  3360 | D:4      | 3360 ||| FLEEEEING.
  3361 | D:4      | 3361 ||| FLEEEEING.
  3362 | D:4      | 3362 ||| FLEEEEING.
  3363 | D:4      | 3363 ||| STAIRDANCE
  3427 | D:3      | 3427 ||| UPGRADING to +1 pair of boots.
  3447 | D:4      | 3447 ||| STAIRDANCE
  3713 | D:4      | 3713 ||| Stepping ~*~*~tactically~*~*~ (stealth).
  3715 | D:4      | Noticed Pikel
  3716 | D:4      | 3716 ||| Stepping ~*~*~tactically~*~*~ (hiding).
  3718 | D:4      | 3718 ||| Stepping ~*~*~tactically~*~*~ (hiding).
  3736 | D:4      | Killed Pikel
  3737 | D:4      | Reached skill level 7 in Fighting
  3737 | D:4      | Reached XP level 8. HP: 28/53 MP: 8/8
  3884 | D:4      | 3884 ||| DROPPING +0 whip.
  4110 | D:4      | 4110 ||| READING scroll labelled ZAM ZOCVADD.
  4111 | D:4      | 4111 ||| READING 2 scrolls of identify.
  4111 | D:4      | 4111 ||| IDENTIFYING smoky sapphire potion
  4112 | D:4      | 4112 ||| DROPPING potion of flight.
  4128 | D:5      | Entered Level 5 of the Dungeon
  4129 | D:5      | 4129 ||| PLANNING SEWER
  4142 | D:5      | Found a sacrificial altar of Ru.
  4148 | D:5      | 4148 ||| FLEEEEING.
  4149 | D:5      | 4149 ||| FLEEEEING.
  4150 | D:5      | 4150 ||| FLEEEEING.
  4154 | D:5      | 4154 ||| FLEEEEING.
  4155 | D:5      | 4155 ||| FLEEEEING.
  4161 | D:5      | 4161 ||| STAIRDANCE
  4333 | D:5      | 4333 ||| Stepping ~*~*~tactically~*~*~ (hiding).
  4541 | D:5      | Found a glowing drain.
  4562 | Sewer    | Entered a sewer
  4577 | Sewer    | 4577 ||| Stepping ~*~*~tactically~*~*~ (water).
  4585 | Sewer    | 4585 ||| Stepping ~*~*~tactically~*~*~ (stealth).
  4614 | Sewer    | 4614 ||| Stepping ~*~*~tactically~*~*~ (stealth).
  4615 | Sewer    | 4615 ||| Stepping ~*~*~tactically~*~*~ (stealth).
  4638 | Sewer    | 4638 ||| Stepping ~*~*~tactically~*~*~ (stealth).
  4640 | Sewer    | 4640 ||| Stepping ~*~*~tactically~*~*~ (stealth).
  4647 | Sewer    | 4647 ||| Stepping ~*~*~tactically~*~*~ (stealth).
  4654 | Sewer    | 4654 ||| Stepping ~*~*~tactically~*~*~ (stealth).
  4688 | Sewer    | 4688 ||| Stepping ~*~*~tactically~*~*~ (stealth).
  4721 | Sewer    | 4721 ||| Stepping ~*~*~tactically~*~*~ (stealth).
  4734 | Sewer    | 4734 ||| Stepping ~*~*~tactically~*~*~ (water).
  4837 | Sewer    | Reached XP level 9. HP: 57/57 MP: 9/9
  4901 | Sewer    | 4901 ||| Stepping ~*~*~tactically~*~*~ (stealth).
  4954 | Sewer    | 4954 ||| READING scroll labelled TEYL LOALORIEFO.
  4955 | Sewer    | 4955 ||| READING 3 scrolls labelled MEOX WEBOPH.
  4956 | Sewer    | 4956 ||| READING 2 scrolls of brand weapon.
  4956 | Sewer    | 4956 ||| BRANDING +0 vorpal war axe.
  4957 | Sewer    | 4957 ||| READING scroll of brand weapon.
  4957 | Sewer    | 4957 ||| BRANDING +0 war axe of venom.
  4969 | D:5      | 4969 ||| PLANNING D:1-11
  4998 | D:5      | Found a staircase to the Ecumenical Temple.
  5025 | D:5      | 5025 ||| PLANNING TEMPLE
  5030 | Temple   | Entered the Ecumenical Temple
  5040 | Temple   | 5040 ||| PLANNING OKAWARU WORSHIP
  5047 | Temple   | Became a worshipper of Warmaster Okawaru
  5048 | Temple   | 5048 ||| PLANNING D:1-11
  5081 | D:5      | Noticed Ijyb
  5082 | D:5      | 5082 ||| Stepping ~*~*~tactically~*~*~ (hiding).
  5096 | D:5      | Killed Ijyb
  5143 | D:5      | Found Sosesov's Magic Scroll Emporium.
  5155 | D:5      | 5155 ||| BUYING scroll of enchant armour (75 gold).
  5155 | D:5      | Bought a scroll of enchant armour for 75 gold pieces
  5155 | D:5      | 5155 ||| BUYING scroll of identify (20 gold).
  5155 | D:5      | Bought a scroll of identify for 20 gold pieces
  5155 | D:5      | 5155 ||| BUYING scroll of identify (20 gold).
  5155 | D:5      | Bought a scroll of identify for 20 gold pieces
  5155 | D:5      | 5155 ||| BUYING scroll of identify (20 gold).
  5155 | D:5      | Bought a scroll of identify for 20 gold pieces
  5155 | D:5      | 5155 ||| BUYING scroll of teleportation (30 gold).
  5155 | D:5      | Bought a scroll of teleportation for 30 gold pieces
  5155 | D:5      | 5155 ||| READING scroll of enchant armour.
  5155 | D:5      | 5155 ||| ENCHANTING +0 helmet.
  5161 | D:5      | Found a shimmering altar of Xom.
  5204 | D:5      | Reached skill level 9 in Axes
  5285 | D:5      | Found a hazy altar of Hepliaklqana.
  5481 | D:5      | 5481 ||| Stepping ~*~*~tactically~*~*~ (stealth).
  5482 | D:5      | 5482 ||| Stepping ~*~*~tactically~*~*~ (stealth).
  5597 | D:5      | Found a runed translucent door.
  5598 | D:5      | Noticed Crazy Yiuf
  5714 | D:5      | 5714 ||| FLEEEEING.
  5715 | D:5      | 5715 ||| FLEEEEING.
  5716 | D:5      | 5716 ||| FLEEEEING.
  5719 | D:5      | 5719 ||| FLEEEEING.
  5720 | D:5      | 5720 ||| FLEEEEING.
  5721 | D:5      | 5721 ||| FLEEEEING.
  5722 | D:5      | 5722 ||| FLEEEEING.
  5725 | D:5      | 5725 ||| FLEEEEING.
  5726 | D:5      | 5726 ||| FLEEEEING.
  5727 | D:5      | 5727 ||| FLEEEEING.
  5728 | D:5      | 5728 ||| FLEEEEING.
  5729 | D:5      | 5729 ||| FLEEEEING.
  5730 | D:5      | 5730 ||| FLEEEEING.
  5732 | D:5      | 5732 ||| FLEEEEING.
  5733 | D:5      | 5733 ||| FLEEEEING.
  5734 | D:5      | 5734 ||| FLEEEEING.
  5735 | D:5      | 5735 ||| FLEEEEING.
  5736 | D:5      | 5736 ||| FLEEEEING.
  5737 | D:5      | 5737 ||| FLEEEEING.
  5738 | D:5      | 5738 ||| FLEEEEING.
  5739 | D:5      | 5739 ||| FLEEEEING.
  5740 | D:5      | 5740 ||| FLEEEEING.
  5741 | D:5      | 5741 ||| FLEEEEING.
  5742 | D:5      | 5742 ||| FLEEEEING.
  5743 | D:5      | 5743 ||| FLEEEEING.
  5745 | D:5      | 5745 ||| FLEEEEING.
  5746 | D:5      | 5746 ||| FLEEEEING.
  5747 | D:5      | 5747 ||| FLEEEEING.
  5748 | D:5      | 5748 ||| FLEEEEING.
  5749 | D:5      | 5749 ||| FLEEEEING.
  5750 | D:5      | 5750 ||| FLEEEEING.
  5751 | D:5      | 5751 ||| FLEEEEING.
  5753 | D:5      | 5753 ||| FLEEEEING.
  5755 | D:5      | 5755 ||| FLEEEEING.
  5756 | D:5      | 5756 ||| FLEEEEING.
  5757 | D:5      | 5757 ||| FLEEEEING.
  5758 | D:5      | 5758 ||| FLEEEEING.
  5759 | D:5      | 5759 ||| FLEEEEING.
  5760 | D:5      | 5760 ||| FLEEEEING.
  5761 | D:5      | 5761 ||| FLEEEEING.
  5762 | D:5      | 5762 ||| STAIRDANCE
  5844 | D:4      | 5844 ||| READING 5 scrolls of identify.
  5844 | D:4      | 5844 ||| IDENTIFYING brown potion
  5845 | D:4      | 5845 ||| READING 4 scrolls of identify.
  5845 | D:4      | 5845 ||| IDENTIFYING sedimented green potion
  5846 | D:4      | 5846 ||| READING 3 scrolls of identify.
  5846 | D:4      | 5846 ||| IDENTIFYING pink potion
  5847 | D:4      | 5847 ||| DROPPING potion of invisibility.
  5861 | D:5      | Reached * piety under Okawaru
  6116 | D:6      | 6116 ||| INVOKING Heroism.
  6123 | D:6      | Reached skill level 1 in Invocations
  6124 | D:6      | 6124 ||| Stepping ~*~*~tactically~*~*~ (cloud).
  6266 | D:6      | Found an ancient bone altar of Kikubaaqudgha.
  6375 | D:6      | 6375 ||| DROPPING +1 whip of freezing.
  6377 | D:6      | Found a hide-covered altar of Uskayaw.
  6377 | D:6      | Noticed a +0 short sword
  6377 | D:6      | Noticed a +0 falchion
  6377 | D:6      | Noticed a +0 dagger
  6378 | D:6      | Noticed a +0 dagger
  6379 | D:6      | Noticed a +0 short sword
  6379 | D:6      | Noticed a +0 spear
  6380 | D:6      | Noticed a +0 falchion
  6380 | D:6      | Noticed a +0 spear
  6592 | D:6      | Found an opulent altar of Gozag.
  6592 | D:6      | Found a blossoming altar of Fedhas.
  6594 | D:6      | 6594 ||| Stepping ~*~*~tactically~*~*~ (hiding).
  6596 | D:6      | 6596 ||| Stepping ~*~*~tactically~*~*~ (hiding).
  6793 | D:6      | 6793 ||| UPGRADING to scarf of repulsion.
  6803 | D:6      | 6803 ||| READING scroll labelled PENAASSERR.
  6838 | D:7      | 6838 ||| PLANNING OSSUARY
  6838 | D:7      | 6838 ||| STAIRDANCE
  6838 | D:7      | Noticed a hornet
  6840 | D:6      | 6840 ||| INVOKING Heroism.
  6850 | D:6      | Reached skill level 3 in Invocations
  6860 | D:7      | 6860 ||| STAIRDANCE
  6862 | D:6      | 6862 ||| INVOKING Heroism.
  6874 | D:6      | Reached ** piety under Okawaru
  6886 | D:7      | 6886 ||| STAIRDANCE
  6888 | D:6      | 6888 ||| INVOKING Heroism.
  6917 | D:6      | Killed a hornet
  6924 | D:7      | 6924 ||| STAIRDANCE
  6931 | D:6      | Reached XP level 10. HP: 64/64 MP: 13/13
  6993 | D:7      | 6993 ||| Stepping ~*~*~tactically~*~*~ (hiding).
  7153 | D:7      | Found a stormy altar of Qazlal.
  7169 | D:7      | Reached skill level 8 in Fighting
  7214 | D:7      | Found a sand-covered staircase.
  7215 | D:7      | 7215 ||| DROPPING +3 ring mail of willpower.
  7223 | Ossuary  | Entered an ossuary
  7239 | Ossuary  | 7239 ||| INVOKING Heroism.
  7269 | Ossuary  | 7269 ||| INVOKING Heroism.
  7325 | Ossuary  | 7325 ||| INVOKING Heroism.
  7354 | Ossuary  | 7354 ||| INVOKING Heroism.
  7400 | Ossuary  | Identified the +1 ring mail of the Thistle {rCorr}
  7420 | Ossuary  | 7420 ||| DRINKING 2 black potions.
  7421 | Ossuary  | 7421 ||| READING 5 scrolls of identify.
  7421 | Ossuary  | 7421 ||| IDENTIFYING puce potion
  7422 | Ossuary  | 7422 ||| DROPPING potion of brilliance.
  7428 | D:7      | 7428 ||| PLANNING D:1-11
  7471 | D:7      | 7471 ||| Stepping ~*~*~tactically~*~*~ (stealth).
  7476 | D:7      | 7476 ||| INVOKING Heroism.
  7478 | D:7      | 7478 ||| Stepping ~*~*~tactically~*~*~ (cloud).
  7479 | D:7      | 7479 ||| Stepping ~*~*~tactically~*~*~ (cloud).
  7569 | D:7      | 7569 ||| Stepping ~*~*~tactically~*~*~ (hiding).
  7573 | D:7      | 7573 ||| Stepping ~*~*~tactically~*~*~ (hiding).
  7667 | D:7      | 7667 ||| Stepping ~*~*~tactically~*~*~ (stealth).
  7669 | D:7      | 7669 ||| Stepping ~*~*~tactically~*~*~ (stealth).
  7707 | D:7      | 7707 ||| Stepping ~*~*~tactically~*~*~ (stealth).
  7713 | D:7      | 7713 ||| INVOKING Heroism.
  7746 | D:7      | Noticed a boulder beetle
  7747 | D:7      | 7747 ||| Stepping ~*~*~tactically~*~*~ (stealth).
  7749 | D:7      | 7749 ||| INVOKING Heroism.
  7764 | D:7      | 7764 ||| INVOKING Heroism.
  7765 | D:7      | Killed a boulder beetle
  7765 | D:7      | Reached *** piety under Okawaru
  7817 | D:7      | 7817 ||| INVOKING Heroism.
  7857 | D:7      | Noticed a cyclops
  7858 | D:7      | 7858 ||| INVOKING Heroism.
  7863 | D:7      | Killed a cyclops
  7872 | D:7      | 7872 ||| Stepping ~*~*~tactically~*~*~ (stealth).
  7906 | D:7      | 7906 ||| Stepping ~*~*~tactically~*~*~ (stealth).
  7908 | D:7      | 7908 ||| INVOKING Heroism.
  8018 | D:7      | 8018 ||| Stepping ~*~*~tactically~*~*~ (hiding).
  8020 | D:7      | 8020 ||| Stepping ~*~*~tactically~*~*~ (hiding).
  8033 | D:7      | 8033 ||| Stepping ~*~*~tactically~*~*~ (stealth).
  8036 | D:7      | 8036 ||| Stepping ~*~*~tactically~*~*~ (hiding).
  8037 | D:7      | 8037 ||| Stepping ~*~*~tactically~*~*~ (hiding).
  8080 | D:7      | Reached skill level 9 in Fighting
  8120 | D:7      | Found a radiant altar of Vehumet.
  8175 | D:7      | 8175 ||| DROPPING +2 hat.
  8186 | D:8      | Found Uvytit Abbo's Jewellery Emporium.
  8194 | D:8      | 8194 ||| SHOPLISTING +4 ring of evasion (504 gold, have
                  | 363).
  8194 | D:8      | 8194 ||| SHOPLISTING amulet of reflection (420 gold, have
                  | 363).
  8194 | D:8      | 8194 ||| SHOPLISTING ring "Gedghu" {rPois Will+ rCorr
                  | Str-3} (446 gold, have 363).
  8194 | D:8      | 8194 ||| SHOPLISTING ring "Reythewasch" {Wiz Dex+2} (576
                  | gold, have 363).
  8194 | D:8      | 8194 ||| BUYING ring of positive energy (280 gold).
  8194 | D:8      | Bought a ring of positive energy for 280 gold pieces
  8245 | D:8      | 8245 ||| Stepping ~*~*~tactically~*~*~ (stealth).
  8250 | D:8      | 8250 ||| INVOKING Heroism.
  8283 | D:8      | Reached XP level 11. HP: 55/71 MP: 14/14
  8286 | D:8      | 8286 ||| INVOKING Heroism.
  8387 | D:8      | 8387 ||| Stepping ~*~*~tactically~*~*~ (hiding).
  8390 | D:8      | 8390 ||| Stepping ~*~*~tactically~*~*~ (hiding).
  8500 | D:8      | 8500 ||| INVOKING Heroism.
  8514 | D:8      | Received a gift from Okawaru
  8515 | D:8      | Reached **** piety under Okawaru
  8516 | D:8      | Reached skill level 12 in Axes
  8559 | D:8      | 8559 ||| READING scroll of enchant armour.
  8559 | D:8      | 8559 ||| ENCHANTING +1 helmet.
  8631 | D:8      | Found Wiubazisu's Assorted Antiques.
  8631 | D:8      | Noticed Gastronok
  8632 | D:8      | 8632 ||| Stepping ~*~*~tactically~*~*~ (hiding).
  8635 | D:8      | 8635 ||| INVOKING Heroism.
  8650 | D:8      | Killed Gastronok
  8651 | D:8      | Reached skill level 6 in Shields
  8664 | D:8      | 8664 ||| SHOPLISTING 2 potions of might (240 gold, have
                  | 152).
  8664 | D:8      | 8664 ||| BUYING scroll labelled NORCHY NOAGAF (30 gold).
  8664 | D:8      | Bought a scroll labelled NORCHY NOAGAF for 30 gold pieces
  8834 | D:8      | Found Naitzur's Weapon Shoppe.
  8843 | D:8      | 8843 ||| SHOPLISTING +4 morningstar of protection (348
                  | gold, have 149).
  8901 | D:8      | 8901 ||| UPGRADING to ring of positive energy.
  8902 | D:8      | 8902 ||| READING scroll labelled NORCHY NOAGAF.
  8932 | D:9      | 8932 ||| Stepping ~*~*~tactically~*~*~ (stealth).
  8934 | D:9      | 8934 ||| Stepping ~*~*~tactically~*~*~ (hiding).
  8941 | D:9      | 8941 ||| INVOKING Heroism.
  8948 | D:9      | 8948 ||| Stepping ~*~*~tactically~*~*~ (stealth).
  8949 | D:9      | 8949 ||| Stepping ~*~*~tactically~*~*~ (stealth).
  8961 | D:9      | Reached skill level 6 in Armour
  8971 | D:9      | 8971 ||| Stepping ~*~*~tactically~*~*~ (stealth).
  9025 | D:9      | Noticed a manticore
  9026 | D:9      | 9026 ||| INVOKING Heroism.
  9037 | D:9      | Killed a manticore
  9038 | D:9      | Reached skill level 1 in Throwing
  9038 | D:9      | Reached skill level 6 in Invocations
  9142 | D:9      | Found a staircase to the Lair.
  9143 | D:9      | 9143 ||| Stepping ~*~*~tactically~*~*~ (stealth).
  9145 | D:9      | 9145 ||| Stepping ~*~*~tactically~*~*~ (hiding).
  9149 | D:9      | 9149 ||| INVOKING Heroism.
  9162 | D:9      | Reached ***** piety under Okawaru
  9358 | D:9      | Noticed a two-headed ogre
  9359 | D:9      | 9359 ||| INVOKING Heroism.
  9367 | D:9      | Killed a two-headed ogre
  9468 | D:9      | 9468 ||| Stepping ~*~*~tactically~*~*~ (stealth).
  9469 | D:9      | 9469 ||| Stepping ~*~*~tactically~*~*~ (stealth).
  9490 | D:9      | Noticed a centaur warrior
  9491 | D:9      | 9491 ||| Stepping ~*~*~tactically~*~*~ (hiding).
  9492 | D:9      | 9492 ||| Stepping ~*~*~tactically~*~*~ (hiding).
  9493 | D:9      | 9493 ||| Stepping ~*~*~tactically~*~*~ (hiding).
  9494 | D:9      | 9494 ||| Stepping ~*~*~tactically~*~*~ (hiding).
  9495 | D:9      | 9495 ||| Stepping ~*~*~tactically~*~*~ (hiding).
  9496 | D:9      | 9496 ||| Stepping ~*~*~tactically~*~*~ (hiding).
  9513 | D:9      | Killed a centaur warrior
  9514 | D:9      | Reached skill level 10 in Fighting
  9540 | D:9      | 9540 ||| Stepping ~*~*~tactically~*~*~ (hiding).
  9541 | D:9      | 9541 ||| Stepping ~*~*~tactically~*~*~ (hiding).
  9544 | D:9      | 9544 ||| INVOKING Heroism.
  9546 | D:9      | Noticed a two-headed ogre
  9547 | D:9      | 9547 ||| Stepping ~*~*~tactically~*~*~ (stealth).
  9550 | D:9      | 9550 ||| Stepping ~*~*~tactically~*~*~ (stealth).
  9551 | D:9      | 9551 ||| Stepping ~*~*~tactically~*~*~ (stealth).
  9556 | D:9      | 9556 ||| Stepping ~*~*~tactically~*~*~ (stealth).
  9574 | D:9      | Killed a two-headed ogre
  9611 | D:9      | 9611 ||| FLEEEEING.
  9612 | D:9      | 9612 ||| FLEEEEING.
  9613 | D:9      | 9613 ||| FLEEEEING.
  9614 | D:9      | 9614 ||| FLEEEEING.
  9615 | D:9      | 9615 ||| FLEEEEING.
  9616 | D:9      | 9616 ||| FLEEEEING.
  9617 | D:9      | 9617 ||| FLEEEEING.
  9618 | D:9      | 9618 ||| FLEEEEING.
  9627 | D:9      | 9627 ||| STAIRDANCE
  9659 | D:8      | 9659 ||| READING scroll of enchant weapon.
  9659 | D:8      | 9659 ||| ENCHANTING +0 vampiric war axe.
  9660 | D:8      | 9660 ||| DROPPING +0 chain mail.
  9661 | D:8      | 9661 ||| UPGRADING to +0 plate armour.
  9671 | D:8      | 9671 ||| UPGRADING to ring of willpower.
  9675 | D:9      | 9675 ||| INVOKING Heroism.
  9849 | D:9      | 9849 ||| Stepping ~*~*~tactically~*~*~ (stealth).
  9958 | D:9      | 9958 ||| Stepping ~*~*~tactically~*~*~ (hiding).
  9964 | D:9      | 9964 ||| INVOKING Heroism.
  9970 | D:9      | Reached XP level 12. HP: 77/77 MP: 15/18
 10030 | D:9      | 10030 ||| Stepping ~*~*~tactically~*~*~ (cloud).
 10033 | D:9      | 10033 ||| INVOKING Heroism.
 10034 | D:9      | 10034 ||| Stepping randomly (cloudy).
 10236 | D:9      | 10236 ||| PLANNING LAIR
 10236 | D:9      | 10236 ||| UPGRADING to +0 kite shield.
 10246 | D:9      | 10246 ||| DROPPING +0 buckler.
 10303 | Lair:1   | Entered Level 1 of the Lair of Beasts
 10390 | Lair:1   | 10390 ||| Stepping ~*~*~tactically~*~*~ (stealth).
 10417 | Lair:1   | 10417 ||| Stepping ~*~*~tactically~*~*~ (hiding).
 10487 | Lair:1   | Received a gift from Okawaru
 10497 | Lair:1   | 10497 ||| Stepping ~*~*~tactically~*~*~ (stealth).
 10551 | Lair:1   | 10551 ||| INVOKING Heroism.
 10573 | Lair:1   | 10573 ||| INVOKING Heroism.
 10579 | Lair:1   | Reached skill level 9 in Invocations
 10624 | Lair:1   | 10624 ||| INVOKING Heroism.
 10865 | Lair:1   | 10865 ||| INVOKING Heroism.
 11046 | Lair:1   | 11046 ||| DROPPING ring of flight.
 11047 | Lair:1   | 11047 ||| READING scroll labelled JEOPIUZXETH.
 11155 | Lair:2   | Noticed a six-headed hydra
 11156 | Lair:2   | 11156 ||| INVOKING Heroism.
 11157 | Lair:2   | 11157 ||| INVOKING Finesse.
 11159 | Lair:2   | 11159 ||| SWAPPING to +0 flail.
 11166 | Lair:2   | Killed a six-headed hydra
 11167 | Lair:2   | 11167 ||| SWAPPING to +1 vampiric war axe.
 11271 | Lair:2   | 11271 ||| INVOKING Heroism.
 11272 | Lair:2   | Found a staircase to the Shoals.
 11298 | Lair:2   | Identified the +10 war axe "Juonupp" {antimagic, Str+4}
                  | (Okawaru gifted it to you on level 2 of the Lair of Beasts)
 11298 | Lair:2   | Received a gift from Okawaru
 11321 | Lair:2   | 11321 ||| INVOKING Heroism.
 11599 | Lair:2   | 11599 ||| READING scroll of enchant weapon.
 11599 | Lair:2   | 11599 ||| ENCHANTING +1 vampiric war axe.
 11633 | Lair:2   | 11633 ||| Stepping ~*~*~tactically~*~*~ (stealth).
 11635 | Lair:2   | 11635 ||| Stepping ~*~*~tactically~*~*~ (stealth).
 11636 | Lair:2   | 11636 ||| Stepping ~*~*~tactically~*~*~ (stealth).
 11637 | Lair:2   | 11637 ||| INVOKING Heroism.
 11638 | Lair:2   | 11638 ||| Stepping ~*~*~tactically~*~*~ (stealth).
 11640 | Lair:2   | 11640 ||| Stepping ~*~*~tactically~*~*~ (stealth).
 11652 | Lair:2   | Reached skill level 3 in Throwing
 11658 | Lair:2   | Reached skill level 9 in Shields
 11872 | Lair:2   | Found a runed translucent gate.
 11872 | Lair:2   | Found a runed translucent gate.
 11872 | Lair:2   | Found a runed translucent gate.
 11888 | Lair:2   | 11888 ||| INVOKING Heroism.
 12042 | Lair:2   | Noticed qw's ghost (journeyman GrFi)
 12145 | Lair:2   | 12145 ||| READING scroll labelled XAULYOTIBB.
 12178 | Lair:3   | Found a hole to the Spider Nest.
 12222 | Lair:3   | 12222 ||| Stepping ~*~*~tactically~*~*~ (stealth).
 12244 | Lair:3   | 12244 ||| Stepping ~*~*~tactically~*~*~ (stealth).
 12246 | Lair:3   | 12246 ||| INVOKING Heroism.
 12247 | Lair:3   | 12247 ||| Stepping ~*~*~tactically~*~*~ (stealth).
 12270 | Lair:3   | Received a gift from Okawaru
 12270 | Lair:3   | Found the +3 pair of mountain boots {steadfast, rC+}
 12296 | Lair:3   | Noticed Nergalle
 12302 | Lair:3   | 12302 ||| INVOKING Heroism.
 12311 | Lair:3   | Killed Nergalle
 12580 | Lair:3   | Noticed an eight-headed hydra
 12581 | Lair:3   | 12581 ||| INVOKING Heroism.
 12582 | Lair:3   | 12582 ||| INVOKING Finesse.
 12584 | Lair:3   | 12584 ||| SWAPPING to +0 flail.
 12597 | Lair:3   | Killed an eight-headed hydra
 12598 | Lair:3   | Reached XP level 13. HP: 61/82 MP: 13/20
 12598 | Lair:3   | 12598 ||| SWAPPING to +2 vampiric war axe.
 12802 | Lair:3   | Found a runed translucent gate.
 12803 | Lair:3   | Found a runed translucent gate.
 12806 | Lair:3   | Found a runed translucent gate.
 12942 | Lair:3   | 12942 ||| INVOKING Heroism.
 13101 | Lair:3   | 13101 ||| Stepping ~*~*~tactically~*~*~ (stealth).
 13120 | Lair:3   | 13120 ||| Stepping ~*~*~tactically~*~*~ (stealth).
 13122 | Lair:3   | 13122 ||| Stepping ~*~*~tactically~*~*~ (hiding).
 13123 | Lair:3   | 13123 ||| Stepping ~*~*~tactically~*~*~ (hiding).
 13124 | Lair:3   | 13124 ||| INVOKING Heroism.
 13145 | Lair:3   | 13145 ||| Stepping ~*~*~tactically~*~*~ (stealth).
 13147 | Lair:3   | 13147 ||| Stepping ~*~*~tactically~*~*~ (hiding).
 13308 | Lair:3   | Noticed qw's ghost (journeyman GrFi)
 13309 | Lair:3   | Found a viscous altar of Jiyva.
 13311 | Lair:3   | 13311 ||| UPGRADING to +3 pair of mountain boots
                  | {steadfast, rC+}.
 13321 | Lair:3   | 13321 ||| DROPPING +1 pair of boots.
 13371 | Lair:4   | 13371 ||| INVOKING Heroism.
 13372 | Lair:4   | 13372 ||| Stepping ~*~*~tactically~*~*~ (stealth).
 13389 | Lair:4   | Reached skill level 9 in Armour
 13396 | Lair:4   | 13396 ||| Stepping ~*~*~tactically~*~*~ (stealth).
 13412 | Lair:4   | 13412 ||| Stepping ~*~*~tactically~*~*~ (stealth).
 13414 | Lair:4   | 13414 ||| Stepping ~*~*~tactically~*~*~ (stealth).
 13415 | Lair:4   | 13415 ||| Stepping ~*~*~tactically~*~*~ (stealth).
 13444 | Lair:4   | 13444 ||| INVOKING Heroism.
 13445 | Lair:4   | 13445 ||| Stepping ~*~*~tactically~*~*~ (stealth).
 13474 | Lair:4   | 13474 ||| Stepping ~*~*~tactically~*~*~ (stealth).
 13475 | Lair:4   | 13475 ||| Stepping ~*~*~tactically~*~*~ (stealth).
 13476 | Lair:4   | 13476 ||| INVOKING Heroism.
 13477 | Lair:4   | 13477 ||| Stepping ~*~*~tactically~*~*~ (stealth).
 13603 | Lair:4   | 13603 ||| INVOKING Heroism.
 13685 | Lair:4   | 13685 ||| INVOKING Heroism.
 13686 | Lair:4   | 13686 ||| INVOKING Finesse.
 13691 | Lair:4   | 13691 ||| SWAPPING to +0 flail.
 13706 | Lair:4   | 13706 ||| SWAPPING to +2 vampiric war axe.
 13716 | Lair:4   | 13716 ||| Stepping ~*~*~tactically~*~*~ (stealth).
 13742 | Lair:4   | 13742 ||| Stepping ~*~*~tactically~*~*~ (stealth).
 13801 | Lair:4   | 13801 ||| Stepping ~*~*~tactically~*~*~ (stealth).
 13802 | Lair:4   | 13802 ||| INVOKING Heroism.
 13804 | Lair:4   | 13804 ||| INVOKING Finesse.
 13811 | Lair:4   | 13811 ||| SWAPPING to +0 flail.
 13814 | Lair:4   | 13814 ||| Stepping ~*~*~tactically~*~*~ (outnumbered).
 13815 | Lair:4   | 13815 ||| Stepping ~*~*~tactically~*~*~ (outnumbered).
 13819 | Lair:4   | 13819 ||| Stepping ~*~*~tactically~*~*~ (outnumbered).
 13838 | Lair:4   | 13838 ||| SWAPPING to +2 vampiric war axe.
 13893 | Lair:4   | 13893 ||| INVOKING Heroism.
 14052 | Lair:4   | 14052 ||| INVOKING Heroism.
 14053 | Lair:4   | 14053 ||| SWAPPING to +0 flail.
 14054 | Lair:4   | 14054 ||| INVOKING Finesse.
 14060 | Lair:4   | 14060 ||| Stepping ~*~*~tactically~*~*~ (outnumbered).
 14061 | Lair:4   | 14061 ||| Stepping ~*~*~tactically~*~*~ (outnumbered).
 14062 | Lair:4   | 14062 ||| Stepping ~*~*~tactically~*~*~ (outnumbered).
 14066 | Lair:4   | 14066 ||| Stepping ~*~*~tactically~*~*~ (outnumbered).
 14070 | Lair:4   | 14070 ||| Stepping ~*~*~tactically~*~*~ (outnumbered).
 14071 | Lair:4   | 14071 ||| Stepping ~*~*~tactically~*~*~ (outnumbered).
 14072 | Lair:4   | 14072 ||| Stepping ~*~*~tactically~*~*~ (outnumbered).
 14073 | Lair:4   | 14073 ||| Stepping ~*~*~tactically~*~*~ (outnumbered).
 14074 | Lair:4   | 14074 ||| Stepping ~*~*~tactically~*~*~ (outnumbered).
 14075 | Lair:4   | 14075 ||| Stepping ~*~*~tactically~*~*~ (outnumbered).
 14076 | Lair:4   | 14076 ||| Stepping ~*~*~tactically~*~*~ (outnumbered).
 14076 | Lair:4   | HP: 18/82 [eight-headed hydra (9)]
 14077 | Lair:4   | 14077 ||| READING 3 scrolls of teleportation.
 14078 | Lair:4   | 14078 ||| DRINKING 2 potions of heal wounds.
 14079 | Lair:4   | 14079 ||| Stepping ~*~*~tactically~*~*~ (outnumbered).
 14080 | Lair:4   | 14080 ||| SWAPPING to +2 vampiric war axe.
 14118 | Lair:4   | 14118 ||| INVOKING Heroism.
 14119 | Lair:4   | 14119 ||| INVOKING Finesse.
 14306 | Lair:4   | 14306 ||| INVOKING Heroism.
 14515 | Lair:4   | 14515 ||| INVOKING Heroism.
 14516 | Lair:4   | 14516 ||| INVOKING Finesse.
 14739 | Lair:4   | 14739 ||| INVOKING Heroism.
 14740 | Lair:4   | 14740 ||| INVOKING Finesse.
 14742 | Lair:4   | 14742 ||| SWAPPING to +0 flail.
 14748 | Lair:4   | 14748 ||| SWAPPING to +2 vampiric war axe.
 14896 | Lair:5   | Entered Level 5 of the Lair of Beasts
 14897 | Lair:5   | 14897 ||| PLANNING GAUNTLET
 14936 | Lair:5   | Received a gift from Okawaru
 14982 | Lair:5   | 14982 ||| INVOKING Heroism.
 15009 | Lair:5   | 15009 ||| Stepping ~*~*~tactically~*~*~ (stealth).
 15038 | Lair:5   | 15038 ||| INVOKING Heroism.
 15065 | Lair:5   | 15065 ||| Stepping ~*~*~tactically~*~*~ (stealth).
 15178 | Lair:5   | Gained mutation: Your large and strong wings let you fly.
                  | [Gargoyle growth]
 15178 | Lair:5   | Reached XP level 14. HP: 88/88 MP: 21/21
 15212 | Lair:5   | Received a gift from Okawaru
 15216 | Lair:5   | Found a gate leading to a gauntlet.
 15217 | Lair:5   | 15217 ||| READING 10 scrolls of identify.
 15217 | Lair:5   | 15217 ||| IDENTIFYING metallic cyan potion
 15227 | Gauntlet | Entered a Gauntlet
 15227 | Gauntlet | Found a transporter.
 15227 | Gauntlet | Found a transporter.
 15228 | Gauntlet | Found a transporter.
 15228 | Gauntlet | Found a transporter.
 15231 | Gauntlet | Found a transporter.
 15231 | Gauntlet | Found a transporter.
 15241 | Gauntlet | Found a transporter.
 15245 | Gauntlet | Found a transporter.
 15259 | Gauntlet | Found a transporter.
 15266 | Gauntlet | Found a transporter.
 15284 | Gauntlet | Found a transporter.
 15288 | Gauntlet | Found a transporter.
 15431 | Gauntlet | 15431 ||| INVOKING Heroism.
 15467 | Gauntlet | 15467 ||| Stepping randomly (stuck).
 15468 | Gauntlet | 15468 ||| INVOKING Finesse.
 15469 | Gauntlet | 15469 ||| INVOKING Heroism.
 15503 | Gauntlet | 15503 ||| Stepping randomly (stuck).
 15504 | Gauntlet | 15504 ||| Stepping randomly (stuck).
 15536 | Gauntlet | 15536 ||| DROPPING ring of positive energy.
 15537 | Gauntlet | 15537 ||| UPGRADING to +4 ring of evasion.
 15539 | Gauntlet | 15539 ||| UPGRADING to +6 ring of strength.
 15541 | Gauntlet | 15541 ||| DROPPING ring of willpower.
 15547 | Gauntlet | 15547 ||| INVOKING Heroism.
 15561 | Gauntlet | HP: 17/88 [death scarab (9)]
 15562 | Gauntlet | 15562 ||| DRINKING potion of heal wounds.
 15564 | Gauntlet | Identified the +2 robe "Behurcheb" {rN+} (Okawaru gifted it
                  | to you in a Gauntlet)
 15564 | Gauntlet | Received a gift from Okawaru
 15577 | Gauntlet | Reached skill level 11 in Fighting
 15781 | Gauntlet | Identified the ring of Fask {rC+ Int+2 Slay+3}
 15785 | Gauntlet | 15785 ||| UPGRADING to ring of Fask {rC+ Int+2 Slay+3}.
 15787 | Gauntlet | 15787 ||| UPGRADING to +4 ring of evasion.
 15843 | Gauntlet | 15843 ||| INVOKING Heroism.
 15844 | Gauntlet | 15844 ||| INVOKING Finesse.
 15940 | Gauntlet | 15940 ||| READING scroll of enchant armour.
 15940 | Gauntlet | 15940 ||| ENCHANTING +0 plate armour.
 16002 | Gauntlet | 16002 ||| DROPPING +2 scale mail of cold resistance.
 16003 | Gauntlet | 16003 ||| DROPPING +2 scale mail of fire resistance.
 16055 | Lair:5   | 16055 ||| PLANNING LAIR
 16121 | Lair:5   | 16121 ||| INVOKING Heroism.
 16122 | Lair:5   | 16122 ||| SWAPPING to +0 flail.
 16123 | Lair:5   | 16123 ||| INVOKING Finesse.
 16131 | Lair:5   | 16131 ||| SWAPPING to +2 vampiric war axe.
 16331 | Lair:5   | 16331 ||| Stepping ~*~*~tactically~*~*~ (stealth).
 16332 | Lair:5   | 16332 ||| Stepping ~*~*~tactically~*~*~ (stealth).
 16333 | Lair:5   | 16333 ||| INVOKING Heroism.
 16346 | Lair:5   | Reached skill level 12 in Shields
 16350 | Lair:5   | 16350 ||| INVOKING Finesse.
 16359 | Lair:5   | 16359 ||| SWAPPING to +0 flail.
 16360 | Lair:5   | 16360 ||| Stepping ~*~*~tactically~*~*~ (stealth).
 16361 | Lair:5   | 16361 ||| Stepping ~*~*~tactically~*~*~ (stealth).
 16364 | Lair:5   | 16364 ||| Stepping ~*~*~tactically~*~*~ (outnumbered).
 16365 | Lair:5   | 16365 ||| Stepping ~*~*~tactically~*~*~ (outnumbered).
 16371 | Lair:5   | 16371 ||| Stepping ~*~*~tactically~*~*~ (outnumbered).
 16372 | Lair:5   | 16372 ||| Stepping ~*~*~tactically~*~*~ (outnumbered).
 16376 | Lair:5   | 16376 ||| SWAPPING to +2 vampiric war axe.
 16424 | Lair:5   | 16424 ||| INVOKING Heroism.
 16472 | Lair:5   | Found a runed translucent door.
 16473 | Lair:5   | Found a viscous altar of Jiyva.
 16476 | Lair:5   | Found a staircase to the Slime Pits.
 16687 | Lair:5   | Reached skill level 6 in Throwing
 16687 | Lair:5   | 16687 ||| INVOKING Heroism.
 16688 | Lair:5   | 16688 ||| INVOKING Finesse.
 16699 | Lair:5   | 16699 ||| SWAPPING to +0 flail.
 16708 | Lair:5   | 16708 ||| SWAPPING to +2 vampiric war axe.
 16750 | Lair:5   | 16750 ||| Stepping ~*~*~tactically~*~*~ (stealth).
 16751 | Lair:5   | 16751 ||| Stepping ~*~*~tactically~*~*~ (stealth).
 16755 | Lair:5   | 16755 ||| INVOKING Heroism.
 16780 | Lair:5   | Identified the +8 short sword of Jaok Baq {freeze, Str+4
                  | Int+2 SInv Stlth+}
 16792 | Lair:5   | 16792 ||| INVOKING Heroism.
 16793 | Lair:5   | 16793 ||| INVOKING Finesse.
 16881 | Lair:5   | 16881 ||| INVOKING Heroism.
 16893 | Lair:5   | 16893 ||| Stepping ~*~*~tactically~*~*~ (stealth).
 16898 | Lair:5   | 16898 ||| Stepping ~*~*~tactically~*~*~ (stealth).
 16901 | Lair:5   | 16901 ||| Stepping ~*~*~tactically~*~*~ (stealth).
 16922 | Lair:5   | 16922 ||| INVOKING Finesse.
 16992 | Lair:5   | 16992 ||| Stepping ~*~*~tactically~*~*~ (stealth).
 17174 | Lair:5   | 17174 ||| PLANNING D:1-11
 17292 | D:10     | Entered Level 10 of the Dungeon
 17309 | D:10     | Found a staircase to the Orcish Mines.
 17319 | D:10     | 17319 ||| INVOKING Heroism.
 17335 | D:10     | 17335 ||| Stepping ~*~*~tactically~*~*~ (stealth).
 17386 | D:10     | 17386 ||| INVOKING Heroism.
 17696 | D:10     | 17696 ||| Stepping ~*~*~tactically~*~*~ (hiding).
 17701 | D:10     | Reached skill level 15 in Axes
 17901 | D:10     | Found an ornate altar of the Wu Jian Council.
 18103 | D:11     | 18103 ||| INVOKING Heroism.
 18152 | D:11     | Noticed Ereiziar's ghost (journeyman DsFi)
 18157 | D:11     | Noticed Sonja
 18168 | D:11     | Found a runed translucent door.
 18192 | D:11     | Killed Sonja
 18210 | D:11     | Noticed Maurice
 18220 | D:11     | Killed Maurice
 18234 | D:11     | Noticed Urug
 18235 | D:11     | 18235 ||| INVOKING Heroism.
 18236 | D:11     | 18236 ||| INVOKING Finesse.
 18246 | D:11     | Killed Urug
 18246 | D:11     | Received a gift from Okawaru
 18284 | D:11     | 18284 ||| DROPPING +0 flail.
 18349 | D:11     | 18349 ||| Stepping ~*~*~tactically~*~*~ (stealth).
 18354 | D:11     | 18354 ||| INVOKING Heroism.
 18558 | D:11     | 18558 ||| Stepping ~*~*~tactically~*~*~ (hiding).
 18699 | D:11     | Noticed Josephine
 18704 | D:11     | 18704 ||| INVOKING Heroism.
 18717 | D:11     | Killed Josephine
 18717 | D:11     | Received a gift from Okawaru
 18718 | D:11     | Reached XP level 15. HP: 82/94 MP: 22/22
 18869 | D:11     | 18869 ||| PLANNING D
 18869 | D:11     | 18869 ||| READING 14 scrolls of identify.
 18869 | D:11     | 18869 ||| IDENTIFYING bubbling cyan potion
 18870 | D:11     | 18870 ||| DROPPING potion of ambrosia.
 18973 | D:12     | Found a transporter.
 18974 | D:12     | Found a transporter.
 19026 | D:12     | 19026 ||| Stepping ~*~*~tactically~*~*~ (hiding).
 19307 | D:12     | 19307 ||| FLEEEEING.
 19308 | D:12     | 19308 ||| FLEEEEING.
 19309 | D:12     | 19309 ||| FLEEEEING.
 19310 | D:12     | 19310 ||| FLEEEEING.
 19311 | D:12     | 19311 ||| FLEEEEING.
 19312 | D:12     | 19312 ||| FLEEEEING.
 19313 | D:12     | 19313 ||| FLEEEEING.
 19314 | D:12     | 19314 ||| FLEEEEING.
 19315 | D:12     | 19315 ||| FLEEEEING.
 19316 | D:12     | 19316 ||| FLEEEEING.
 19317 | D:12     | 19317 ||| FLEEEEING.
 19318 | D:12     | 19318 ||| FLEEEEING.
 19324 | D:12     | 19324 ||| INVOKING Heroism.
 19383 | D:12     | Found a transporter.
 19392 | D:12     | 19392 ||| READING scroll of enchant weapon.
 19392 | D:12     | 19392 ||| ENCHANTING +2 vampiric war axe.
 19396 | D:12     | 19396 ||| Stepping ~*~*~tactically~*~*~ (hiding).
 19397 | D:12     | 19397 ||| Stepping ~*~*~tactically~*~*~ (hiding).
 19441 | D:12     | Found a transporter.
 19679 | D:12     | Found a transporter.
 19692 | D:12     | Found a transporter.
 19738 | D:12     | 19738 ||| Stepping ~*~*~tactically~*~*~ (hiding).
 19750 | D:12     | 19750 ||| FLEEEEING.
 19752 | D:12     | 19752 ||| FLEEEEING.
 19753 | D:12     | 19753 ||| FLEEEEING.
 19754 | D:12     | 19754 ||| FLEEEEING.
 19768 | D:12     | 19768 ||| FLEEEEING.
 19769 | D:12     | 19769 ||| FLEEEEING.
 19770 | D:12     | 19770 ||| FLEEEEING.
 19771 | D:12     | 19771 ||| FLEEEEING.
 19772 | D:12     | 19772 ||| FLEEEEING.
 19773 | D:12     | 19773 ||| FLEEEEING.
 19774 | D:12     | 19774 ||| FLEEEEING.
 19775 | D:12     | 19775 ||| FLEEEEING.
 19779 | D:12     | 19779 ||| FLEEEEING.
 19780 | D:12     | 19780 ||| FLEEEEING.
 19781 | D:12     | 19781 ||| FLEEEEING.
 20067 | D:13     | Reached skill level 12 in Fighting
 20118 | D:13     | 20118 ||| READING scroll of enchant armour.
 20118 | D:13     | 20118 ||| ENCHANTING +1 plate armour.
 20242 | D:13     | 20242 ||| Stepping ~*~*~tactically~*~*~ (hiding).
 20256 | D:13     | Found a gate to the Vaults.
 20796 | D:13     | 20796 ||| Stepping ~*~*~tactically~*~*~ (hiding).
 20797 | D:13     | 20797 ||| Stepping ~*~*~tactically~*~*~ (hiding).
 20891 | D:13     | 20891 ||| DROPPING ring of magical power.
 20978 | D:14     | 20978 ||| Stepping ~*~*~tactically~*~*~ (hiding).
 21010 | D:14     | 21010 ||| INVOKING Heroism.
 21018 | D:14     | Received a gift from Okawaru
 21030 | D:14     | 21030 ||| DROPPING +3 vorpal broad axe.
 21106 | D:14     | 21106 ||| INVOKING Heroism.
 21387 | D:14     | 21387 ||| Stepping ~*~*~tactically~*~*~ (stealth).
 21388 | D:14     | 21388 ||| Stepping ~*~*~tactically~*~*~ (stealth).
 21391 | D:14     | 21391 ||| Stepping ~*~*~tactically~*~*~ (stealth).
 21392 | D:14     | 21392 ||| FLEEEEING.
 21393 | D:14     | 21393 ||| FLEEEEING.
 21394 | D:14     | 21394 ||| FLEEEEING.
 21395 | D:14     | 21395 ||| FLEEEEING.
 21401 | D:14     | 21401 ||| FLEEEEING.
 21402 | D:14     | 21402 ||| FLEEEEING.
 21403 | D:14     | 21403 ||| FLEEEEING.
 21404 | D:14     | 21404 ||| FLEEEEING.
 21405 | D:14     | 21405 ||| FLEEEEING.
 21406 | D:14     | 21406 ||| FLEEEEING.
 21407 | D:14     | 21407 ||| FLEEEEING.
 21408 | D:14     | 21408 ||| FLEEEEING.
 21409 | D:14     | 21409 ||| FLEEEEING.
 21410 | D:14     | 21410 ||| FLEEEEING.
 21411 | D:14     | 21411 ||| FLEEEEING.
 21412 | D:14     | 21412 ||| FLEEEEING.
 21413 | D:14     | 21413 ||| FLEEEEING.
 21414 | D:14     | 21414 ||| FLEEEEING.
 21416 | D:14     | 21416 ||| FLEEEEING.
 21417 | D:14     | 21417 ||| FLEEEEING.
 21418 | D:14     | 21418 ||| FLEEEEING.
 21419 | D:14     | 21419 ||| FLEEEEING.
 21420 | D:14     | 21420 ||| FLEEEEING.
 21421 | D:14     | 21421 ||| FLEEEEING.
 21422 | D:14     | 21422 ||| FLEEEEING.
 21423 | D:14     | 21423 ||| FLEEEEING.
 21424 | D:14     | 21424 ||| FLEEEEING.
 21425 | D:14     | 21425 ||| FLEEEEING.
 21426 | D:14     | 21426 ||| FLEEEEING.
 21427 | D:14     | 21427 ||| FLEEEEING.
 21428 | D:14     | 21428 ||| FLEEEEING.
 21429 | D:14     | 21429 ||| FLEEEEING.
 21431 | D:14     | 21431 ||| FLEEEEING.
 21432 | D:14     | 21432 ||| FLEEEEING.
 21434 | D:14     | 21434 ||| FLEEEEING.
 21435 | D:14     | 21435 ||| FLEEEEING.
 21437 | D:14     | 21437 ||| FLEEEEING.
 21438 | D:14     | 21438 ||| FLEEEEING.
 21439 | D:14     | 21439 ||| FLEEEEING.
 21440 | D:14     | 21440 ||| FLEEEEING.
 21441 | D:14     | 21441 ||| FLEEEEING.
 21442 | D:14     | 21442 ||| FLEEEEING.
 21443 | D:14     | 21443 ||| FLEEEEING.
 21444 | D:14     | 21444 ||| FLEEEEING.
 21445 | D:14     | 21445 ||| FLEEEEING.
 21446 | D:14     | 21446 ||| FLEEEEING.
 21447 | D:14     | 21447 ||| FLEEEEING.
 21448 | D:14     | 21448 ||| FLEEEEING.
 21449 | D:14     | 21449 ||| FLEEEEING.
 21450 | D:14     | 21450 ||| FLEEEEING.
 21451 | D:14     | 21451 ||| FLEEEEING.
 21452 | D:14     | 21452 ||| FLEEEEING.
 21453 | D:14     | 21453 ||| FLEEEEING.
 21465 | D:14     | 21465 ||| FLEEEEING.
 21468 | D:14     | 21468 ||| FLEEEEING.
 21469 | D:14     | 21469 ||| FLEEEEING.
 21470 | D:14     | 21470 ||| FLEEEEING.
 21473 | D:14     | 21473 ||| STAIRDANCE
 21577 | D:13     | 21577 ||| DROPPING amulet of magic regeneration.
 21581 | D:14     | 21581 ||| STAIRDANCE
 21591 | D:13     | 21591 ||| INVOKING Heroism.
 21710 | D:14     | 21710 ||| INVOKING Heroism.
 21713 | D:14     | 21713 ||| STAIRDANCE
 22010 | D:14     | 22010 ||| INVOKING Heroism.
 22040 | D:14     | 22040 ||| READING scroll of enchant weapon.
 22040 | D:14     | 22040 ||| ENCHANTING +3 vampiric war axe.
 22244 | D:14     | 22244 ||| READING scroll of enchant weapon.
 22244 | D:14     | 22244 ||| ENCHANTING +4 vampiric war axe.
 22369 | D:14     | 22369 ||| Stepping ~*~*~tactically~*~*~ (hiding).
 22389 | D:14     | 22389 ||| FLEEEEING.
 22399 | D:14     | 22399 ||| STAIRDANCE
 22647 | D:14     | Noticed Kirke
 22648 | D:14     | 22648 ||| INVOKING Heroism.
 22649 | D:14     | 22649 ||| INVOKING Finesse.
 22672 | D:14     | Killed Kirke
 22832 | D:15     | Entered Level 15 of the Dungeon
 22835 | D:15     | 22835 ||| STAIRDANCE
 22917 | D:15     | 22917 ||| INVOKING Heroism.
 22933 | D:15     | Noticed Agnes
 22934 | D:15     | 22934 ||| INVOKING Finesse.
 22947 | D:15     | 22947 ||| INVOKING Heroism.
 22954 | D:15     | Killed Agnes
 22974 | D:15     | Reached skill level 12 in Armour
 23198 | D:15     | 23198 ||| Stepping ~*~*~tactically~*~*~ (hiding).
 23199 | D:15     | 23199 ||| Stepping ~*~*~tactically~*~*~ (hiding).
 23207 | D:15     | 23207 ||| INVOKING Heroism.
 23350 | D:15     | Found a transporter.
 23405 | D:15     | Reached skill level 3 in Dodging
 23463 | D:15     | Noticed Waecyras's ghost (adept KoGl)
 23466 | D:15     | Found a transporter.
 23468 | D:15     | 23468 ||| INVOKING Heroism.
 23486 | D:15     | Received a gift from Okawaru
 23705 | D:15     | Found a glowing golden altar of the Shining One.
 23802 | D:15     | 23802 ||| Stepping ~*~*~tactically~*~*~ (stealth).
 23803 | D:15     | 23803 ||| Stepping ~*~*~tactically~*~*~ (stealth).
 23819 | D:15     | Found a staircase to the Depths.
 23820 | D:15     | 23820 ||| INVOKING Heroism.
 23838 | D:15     | Reached XP level 16. HP: 103/103 MP: 23/23
 23841 | D:15     | Received a gift from Okawaru
 23894 | D:15     | 23894 ||| PLANNING ORC
 24010 | Orc:1    | Entered Level 1 of the Orcish Mines
 24011 | Orc:1    | 24011 ||| INVOKING Heroism.
 24048 | Orc:1    | Found Syshirub's Antique Armour Shoppe.
 24051 | Orc:1    | Found Egia's General Store.
 24060 | Orc:1    | 24060 ||| BUYING embroidered hat (182 gold).
 24060 | Orc:1    | Bought an embroidered hat for 182 gold pieces
 24060 | Orc:1    | 24060 ||| BUYING shiny plate armour (676 gold).
 24060 | Orc:1    | Bought a shiny plate armour for 676 gold pieces
 24124 | Orc:1    | Found Luclih's Weapon Boutique.
 24150 | Orc:1    | 24150 ||| DROPPING +1 hat.
 24151 | Orc:1    | 24151 ||| UPGRADING to +4 plate armour of cold resistance.
 24161 | Orc:1    | 24161 ||| DROPPING +2 plate armour.
 24168 | Orc:2    | Entered Level 2 of the Orcish Mines
 24169 | Orc:2    | 24169 ||| INVOKING Heroism.
 24174 | Orc:2    | Reached skill level 13 in Fighting
 24175 | Orc:2    | 24175 ||| Stepping ~*~*~tactically~*~*~ (hiding).
 24217 | Orc:2    | 24217 ||| INVOKING Heroism.
 24281 | Orc:2    | Found a staircase to the Elven Halls.
 24354 | Orc:2    | Noticed Azrael
 24355 | Orc:2    | 24355 ||| INVOKING Heroism.
 24356 | Orc:2    | 24356 ||| INVOKING Finesse.
 24371 | Orc:2    | Killed Azrael
 24434 | Orc:2    | 24434 ||| Stepping ~*~*~tactically~*~*~ (hiding).
 24435 | Orc:2    | 24435 ||| Stepping ~*~*~tactically~*~*~ (hiding).
 24459 | Orc:2    | Received a gift from Okawaru
 24718 | Orc:2    | Found Gaheco Ege's General Store.
 24718 | Orc:2    | Found Pajorun's Magic Scroll Shop.
 24718 | Orc:2    | Found Apnoen's Distillery.
 24722 | Orc:2    | Found Exzasiat's Weapon Shoppe.
 24726 | Orc:2    | 24726 ||| SHOPLISTING +1 crystal plate armour (1131 gold,
                  | have 931).
 24726 | Orc:2    | 24726 ||| BUYING potion of heal wounds (65 gold).
 24726 | Orc:2    | Bought a potion of heal wounds for 65 gold pieces
 24726 | Orc:2    | 24726 ||| BUYING scroll of enchant armour (97 gold).
 24726 | Orc:2    | Bought a scroll of enchant armour for 97 gold pieces
 24726 | Orc:2    | 24726 ||| READING scroll of enchant armour.
 24726 | Orc:2    | 24726 ||| ENCHANTING +4 plate armour of cold resistance.
 24728 | Orc:2    | 24728 ||| BUYING 2 scrolls of enchant weapon (240 gold).
 24728 | Orc:2    | Bought 2 scrolls of enchant weapon for 240 gold pieces
 24728 | Orc:2    | 24728 ||| SHOPLISTING scroll of acquirement (832 gold, have
                  | 529).
 24728 | Orc:2    | 24728 ||| BUYING scroll of teleportation (48 gold).
 24728 | Orc:2    | Bought a scroll of teleportation for 48 gold pieces
 24728 | Orc:2    | 24728 ||| BUYING scroll of teleportation (48 gold).
 24728 | Orc:2    | Bought a scroll of teleportation for 48 gold pieces
 24728 | Orc:2    | 24728 ||| BUYING scroll of teleportation (48 gold).
 24728 | Orc:2    | Bought a scroll of teleportation for 48 gold pieces
 24728 | Orc:2    | 24728 ||| READING 2 scrolls of enchant weapon.
 24728 | Orc:2    | 24728 ||| ENCHANTING +5 vampiric war axe.
 24729 | Orc:2    | 24729 ||| READING scroll of enchant weapon.
 24729 | Orc:2    | 24729 ||| ENCHANTING +6 vampiric war axe.
 24732 | Orc:2    | 24732 ||| BUYING potion of curing (42 gold).
 24732 | Orc:2    | Bought a potion of curing for 42 gold pieces
 24732 | Orc:2    | 24732 ||| BUYING potion of curing (42 gold).
 24732 | Orc:2    | Bought a potion of curing for 42 gold pieces
 24732 | Orc:2    | 24732 ||| BUYING potion of haste (140 gold).
 24732 | Orc:2    | Bought a potion of haste for 140 gold pieces
 24732 | Orc:2    | 24732 ||| BUYING potion of heal wounds (70 gold).
 24732 | Orc:2    | Bought a potion of heal wounds for 70 gold pieces
 24732 | Orc:2    | 24732 ||| BUYING potion of might (56 gold).
 24732 | Orc:2    | Bought a potion of might for 56 gold pieces
 24732 | Orc:2    | 24732 ||| SHOPLISTING potion of resistance (140 gold, have
                  | 35).
 24907 | Orc:1    | 24907 ||| INVOKING Heroism.
 24922 | Orc:1    | 24922 ||| DRINKING 26 potions of curing.
 24922 | Orc:1    | 24922 ||| (to cure confusion)
 24947 | Orc:1    | Found Coytutt's General Store.
 24956 | Orc:1    | 24956 ||| BUYING potion of heal wounds (75 gold).
 24956 | Orc:1    | Bought a potion of heal wounds for 75 gold pieces
 24956 | Orc:1    | 24956 ||| SHOPLISTING ring of protection from fire (375
                  | gold, have 22).
 24987 | Orc:1    | Found Soiq's Antique Weapon Emporium.
 24996 | Orc:1    | 24996 ||| SHOPLISTING glowing war axe (234 gold, have 39).
 24999 | Orc:1    | 24999 ||| INVOKING Heroism.
 25330 | Orc:1    | 25330 ||| PLANNING SPIDER:1-3
 25444 | Spider:1 | Entered Level 1 of the Spider Nest
 25450 | Spider:1 | Identified the +7 dagger of Ytape {vamp, *Corrode rPois
                  | MP+9}
 25460 | Spider:1 | 25460 ||| INVOKING Heroism.
 25461 | Spider:1 | 25461 ||| INVOKING Finesse.
 25600 | Spider:1 | 25600 ||| Stepping ~*~*~tactically~*~*~ (stealth).
 25602 | Spider:1 | 25602 ||| Stepping ~*~*~tactically~*~*~ (hiding).
 25632 | Spider:1 | 25632 ||| Stepping ~*~*~tactically~*~*~ (stealth).
 25634 | Spider:1 | 25634 ||| Stepping ~*~*~tactically~*~*~ (hiding).
 25639 | Spider:1 | 25639 ||| INVOKING Finesse.
 25647 | Spider:1 | Received a gift from Okawaru
 25753 | Spider:1 | 25753 ||| Stepping ~*~*~tactically~*~*~ (hiding).
 25761 | Spider:1 | 25761 ||| Stepping ~*~*~tactically~*~*~ (hiding).
 25765 | Spider:1 | 25765 ||| INVOKING Finesse.
 25769 | Spider:1 | 25769 ||| INVOKING Heroism.
 25769 | Spider:1 | Noticed Frances
 25776 | Spider:1 | 25776 ||| Stepping ~*~*~tactically~*~*~ (hiding).
 25792 | Spider:1 | Killed Frances
 25916 | Spider:1 | 25916 ||| INVOKING Finesse.
 25917 | Spider:1 | 25917 ||| INVOKING Heroism.
 25920 | Spider:1 | Received a gift from Okawaru
 25927 | Spider:1 | Reached skill level 14 in Fighting
 25943 | Spider:1 | 25943 ||| INVOKING Finesse.
 26149 | Spider:1 | Noticed Aizul
 26152 | Spider:1 | 26152 ||| INVOKING Heroism.
 26174 | Spider:1 | Killed Aizul
 26174 | Spider:1 | Received a gift from Okawaru
 26191 | Spider:1 | 26191 ||| DRINKING potion of cancellation.
 26252 | Spider:1 | Received a gift from Okawaru
 26438 | Spider:1 | 26438 ||| Stepping ~*~*~tactically~*~*~ (stealth).
 26440 | Spider:1 | 26440 ||| Stepping ~*~*~tactically~*~*~ (stealth).
 26450 | Spider:1 | 26450 ||| Stepping ~*~*~tactically~*~*~ (stealth).
 26457 | Spider:1 | 26457 ||| Stepping ~*~*~tactically~*~*~ (hiding).
 26485 | Spider:1 | 26485 ||| Stepping ~*~*~tactically~*~*~ (stealth).
 26486 | Spider:1 | 26486 ||| Stepping ~*~*~tactically~*~*~ (stealth).
 26490 | Spider:1 | Noticed Nikola
 26491 | Spider:1 | 26491 ||| INVOKING Heroism.
 26512 | Spider:1 | HP: 13/106 [Nikola/arc of chain lightning (28)]
 26513 | Spider:1 | 26513 ||| READING 8 scrolls of teleportation.
 26514 | Spider:1 | 26514 ||| DRINKING 4 potions of heal wounds.
 26515 | Spider:1 | Killed Nikola
 26526 | Spider:1 | 26526 ||| Stepping ~*~*~tactically~*~*~ (stealth).
 26549 | Spider:1 | 26549 ||| INVOKING Heroism.
 26629 | Spider:1 | 26629 ||| Stepping ~*~*~tactically~*~*~ (stealth).
 26690 | Spider:1 | 26690 ||| Stepping ~*~*~tactically~*~*~ (stealth).
 26691 | Spider:1 | 26691 ||| Stepping ~*~*~tactically~*~*~ (stealth).
 26694 | Spider:1 | 26694 ||| INVOKING Heroism.
 26967 | Spider:1 | 26967 ||| INVOKING Finesse.
 26993 | Spider:1 | 26993 ||| INVOKING Heroism.
 27176 | Spider:1 | 27176 ||| DROPPING +0 cloak.
 27232 | Spider:2 | 27232 ||| STAIRDANCE
 27250 | Spider:2 | 27250 ||| INVOKING Finesse.
 27251 | Spider:2 | 27251 ||| INVOKING Heroism.
 27252 | Spider:2 | 27252 ||| INVOKING Finesse.
 27265 | Spider:2 | Received a gift from Okawaru
 27358 | Spider:2 | 27358 ||| FLEEEEING.
 27361 | Spider:2 | 27361 ||| INVOKING Heroism.
 27528 | Spider:2 | 27528 ||| FLEEEEING.
 27529 | Spider:2 | 27529 ||| FLEEEEING.
 27530 | Spider:2 | 27530 ||| FLEEEEING.
 27531 | Spider:2 | 27531 ||| FLEEEEING.
 27532 | Spider:2 | 27532 ||| FLEEEEING.
 27533 | Spider:2 | 27533 ||| FLEEEEING.
 27534 | Spider:2 | 27534 ||| STAIRDANCE
 27769 | Spider:2 | 27769 ||| INVOKING Heroism.
 27906 | Spider:2 | 27906 ||| Stepping ~*~*~tactically~*~*~ (stealth).
 27947 | Spider:2 | Reached XP level 17. HP: 111/111 MP: 24/24
 28004 | Spider:2 | 28004 ||| Stepping ~*~*~tactically~*~*~ (stealth).
 28007 | Spider:2 | 28007 ||| INVOKING Heroism.
 28132 | Spider:2 | 28132 ||| Stepping ~*~*~tactically~*~*~ (hiding).
 28134 | Spider:2 | 28134 ||| INVOKING Finesse.
 28226 | Spider:2 | 28226 ||| INVOKING Heroism.
 28319 | Spider:3 | 28319 ||| STAIRDANCE
 28362 | Spider:3 | 28362 ||| Stepping ~*~*~tactically~*~*~ (hiding).
 28363 | Spider:3 | 28363 ||| INVOKING Finesse.
 28386 | Spider:3 | 28386 ||| Stepping ~*~*~tactically~*~*~ (stealth).
 28432 | Spider:3 | 28432 ||| Stepping ~*~*~tactically~*~*~ (stealth).
 28450 | Spider:3 | 28450 ||| Stepping ~*~*~tactically~*~*~ (stealth).
 28470 | Spider:3 | 28470 ||| Stepping ~*~*~tactically~*~*~ (stealth).
 28472 | Spider:3 | 28472 ||| FLEEEEING.
 28504 | Spider:3 | 28504 ||| Stepping ~*~*~tactically~*~*~ (stealth).
 28522 | Spider:3 | 28522 ||| Stepping ~*~*~tactically~*~*~ (stealth).
 28523 | Spider:3 | 28523 ||| INVOKING Heroism.
 28554 | Spider:3 | Received a gift from Okawaru
 28555 | Spider:3 | Reached skill level 15 in Fighting
 28584 | Spider:3 | 28584 ||| INVOKING Heroism.
 28585 | Spider:3 | 28585 ||| INVOKING Finesse.
 28586 | Spider:3 | 28586 ||| Stepping ~*~*~tactically~*~*~ (hiding).
 28589 | Spider:3 | 28589 ||| Stepping ~*~*~tactically~*~*~ (hiding).
 28653 | Spider:3 | 28653 ||| INVOKING Heroism.
 28691 | Spider:3 | 28691 ||| INVOKING Heroism.
 28721 | Spider:3 | 28721 ||| Stepping ~*~*~tactically~*~*~ (stealth).
 28724 | Spider:3 | 28724 ||| INVOKING Heroism.
 28755 | Spider:3 | 28755 ||| Stepping ~*~*~tactically~*~*~ (stealth).
 28819 | Spider:3 | Received a gift from Okawaru
 28826 | Spider:3 | 28826 ||| Stepping ~*~*~tactically~*~*~ (stealth).
 28832 | Spider:3 | 28832 ||| Stepping ~*~*~tactically~*~*~ (stealth).
 28833 | Spider:3 | 28833 ||| Stepping ~*~*~tactically~*~*~ (stealth).
 28835 | Spider:3 | 28835 ||| Stepping ~*~*~tactically~*~*~ (stealth).
 28836 | Spider:3 | 28836 ||| Stepping ~*~*~tactically~*~*~ (stealth).
 28837 | Spider:3 | 28837 ||| Stepping ~*~*~tactically~*~*~ (stealth).
 28838 | Spider:3 | 28838 ||| Stepping ~*~*~tactically~*~*~ (stealth).
 28846 | Spider:3 | 28846 ||| INVOKING Heroism.
 29167 | Spider:3 | 29167 ||| PLANNING SHOALS:1-3
 29276 | Shoals:1 | Entered Level 1 of the Shoals
 29277 | Shoals:1 | 29277 ||| INVOKING Heroism.
 29278 | Shoals:1 | 29278 ||| INVOKING Finesse.
 29355 | Shoals:1 | Reached skill level 9 in Throwing
 29485 | Shoals:1 | 29485 ||| INVOKING Heroism.
 29493 | Shoals:1 | Reached skill level 15 in Shields
 29643 | Shoals:1 | 29643 ||| Stepping ~*~*~tactically~*~*~ (hiding).
 29651 | Shoals:1 | 29651 ||| INVOKING Heroism.
 29753 | Shoals:1 | Noticed Mlioglotl
 29754 | Shoals:1 | 29754 ||| INVOKING Heroism.
 29755 | Shoals:1 | 29755 ||| INVOKING Finesse.
 29769 | Shoals:1 | Killed Mlioglotl
 29809 | Shoals:1 | 29809 ||| INVOKING Heroism.
 29903 | Shoals:1 | 29903 ||| Stepping ~*~*~tactically~*~*~ (hiding).
 29906 | Shoals:1 | 29906 ||| Stepping ~*~*~tactically~*~*~ (hiding).
 29924 | Shoals:1 | 29924 ||| INVOKING Heroism.
 30155 | Shoals:1 | 30155 ||| Stepping ~*~*~tactically~*~*~ (hiding).
 30156 | Shoals:1 | 30156 ||| Stepping ~*~*~tactically~*~*~ (hiding).
 30158 | Shoals:1 | 30158 ||| INVOKING Heroism.
 30159 | Shoals:1 | 30159 ||| INVOKING Finesse.
 30230 | Shoals:1 | Received a gift from Okawaru
 30512 | Shoals:2 | 30512 ||| INVOKING Heroism.
 30575 | Shoals:2 | 30575 ||| Stepping ~*~*~tactically~*~*~ (stealth).
 30577 | Shoals:2 | 30577 ||| Stepping ~*~*~tactically~*~*~ (hiding).
 30578 | Shoals:2 | 30578 ||| Stepping ~*~*~tactically~*~*~ (stealth).
 30581 | Shoals:2 | 30581 ||| INVOKING Heroism.
 30592 | Shoals:2 | Reached skill level 15 in Armour
 30713 | Shoals:2 | Noticed Ilsuiw
 30714 | Shoals:2 | 30714 ||| INVOKING Heroism.
 30715 | Shoals:2 | 30715 ||| INVOKING Finesse.
 30748 | Shoals:2 | Killed Ilsuiw
 30772 | Shoals:2 | 30772 ||| INVOKING Heroism.
 30898 | Shoals:2 | Noticed a kraken
 30906 | Shoals:2 | 30906 ||| INVOKING Heroism.
 30912 | Shoals:2 | Killed a kraken
 30987 | Shoals:2 | 30987 ||| INVOKING Heroism.
 31145 | Shoals:2 | 31145 ||| INVOKING Heroism.
 31160 | Shoals:2 | Reached skill level 16 in Fighting
 31190 | Shoals:2 | 31190 ||| INVOKING Heroism.
 31218 | Shoals:2 | 31218 ||| INVOKING Heroism.
 31242 | Shoals:2 | Received a gift from Okawaru
 31483 | Shoals:2 | 31483 ||| READING scroll labelled LOMEMYLENA.
 31483 | Shoals:2 | Identified a scroll of acquirement
 31483 | Shoals:2 | 31483 ||| READING 20 scrolls of identify.
 31483 | Shoals:2 | 31483 ||| IDENTIFYING silvery potion
 31484 | Shoals:2 | 31484 ||| DROPPING potion of berserk rage.
 31516 | Shoals:3 | 31516 ||| READING scroll of acquirement.
 31516 | Shoals:3 | 31516 ||| ACQUIRING ring of protection from fire
 31516 | Shoals:3 | Acquired a ring of protection from fire
 31518 | Shoals:3 | 31518 ||| DROPPING ring of fire.
 31536 | Shoals:3 | 31536 ||| Stepping ~*~*~tactically~*~*~ (stealth).
 31544 | Shoals:3 | Reached XP level 18. HP: 96/120 MP: 25/25
 31567 | Shoals:3 | 31567 ||| DROPPING +3 eveningstar of holy wrath.
 31625 | Shoals:3 | 31625 ||| READING scroll of enchant weapon.
 31625 | Shoals:3 | 31625 ||| ENCHANTING +7 vampiric war axe.
 31763 | Shoals:3 | 31763 ||| INVOKING Heroism.
 31819 | Shoals:3 | 31819 ||| INVOKING Finesse.
 31894 | Shoals:3 | 31894 ||| Stepping ~*~*~tactically~*~*~ (hiding).
 32053 | Shoals:3 | 32053 ||| INVOKING Heroism.
 32054 | Shoals:3 | 32054 ||| INVOKING Finesse.
 32304 | Shoals:3 | 32304 ||| Stepping ~*~*~tactically~*~*~ (hiding).
 32309 | Shoals:3 | 32309 ||| INVOKING Heroism.
 32496 | Shoals:3 | 32496 ||| PLANNING SPIDER:4
 32496 | Shoals:3 | 32496 ||| READING scroll labelled WEEHUR EPPY.
 32757 | Spider:4 | Entered Level 4 of the Spider Nest
 32769 | Spider:4 | 32769 ||| Stepping ~*~*~tactically~*~*~ (hiding).
 32770 | Spider:4 | 32770 ||| Stepping ~*~*~tactically~*~*~ (hiding).
 32891 | Spider:4 | Found a corrupted altar of Lugonu.
 32979 | Spider:4 | Found a runed translucent gate.
 32979 | Spider:4 | Found a runed translucent gate.
 33012 | Spider:4 | 33012 ||| Stepping ~*~*~tactically~*~*~ (stealth).
 33029 | Spider:4 | Noticed Zosacw's ghost (adept HaHu)
 33033 | Spider:4 | Found a runed translucent gate.
 33205 | Spider:4 | 33205 ||| Stepping ~*~*~tactically~*~*~ (stealth).
 33206 | Spider:4 | 33206 ||| Stepping ~*~*~tactically~*~*~ (stealth).
 33209 | Spider:4 | 33209 ||| Stepping ~*~*~tactically~*~*~ (stealth).
 33273 | Spider:4 | 33273 ||| Stepping ~*~*~tactically~*~*~ (hiding).
 33274 | Spider:4 | 33274 ||| Stepping ~*~*~tactically~*~*~ (hiding).
 33277 | Spider:4 | 33277 ||| INVOKING Heroism.
 33288 | Spider:4 | Reached skill level 17 in Fighting
 33312 | Spider:4 | 33312 ||| INVOKING Heroism.
 33334 | Spider:4 | 33334 ||| Stepping ~*~*~tactically~*~*~ (stealth).
 33337 | Spider:4 | 33337 ||| Stepping ~*~*~tactically~*~*~ (stealth).
 33368 | Spider:4 | 33368 ||| Stepping ~*~*~tactically~*~*~ (stealth).
 33369 | Spider:4 | 33369 ||| Stepping ~*~*~tactically~*~*~ (stealth).
 33471 | Spider:4 | 33471 ||| Stepping ~*~*~tactically~*~*~ (stealth).
 33483 | Spider:4 | 33483 ||| Stepping ~*~*~tactically~*~*~ (stealth).
 33498 | Spider:4 | 33498 ||| INVOKING Heroism.
 33499 | Spider:4 | 33499 ||| Stepping ~*~*~tactically~*~*~ (stealth).
 33524 | Spider:4 | 33524 ||| DRINKING 27 potions of curing.
 33524 | Spider:4 | 33524 ||| (to cure confusion)
 33525 | Spider:4 | 33525 ||| READING 10 scrolls of teleportation.
 33530 | Spider:4 | 33530 ||| Stepping ~*~*~tactically~*~*~ (stealth).
 33531 | Spider:4 | 33531 ||| READING 9 scrolls of teleportation.
 33532 | Spider:4 | 33532 ||| INVOKING Heroism.
 33534 | Spider:4 | 33534 ||| READING 8 scrolls of teleportation.
 33538 | Spider:4 | 33538 ||| READING 7 scrolls of teleportation.
 33542 | Spider:4 | 33542 ||| READING 6 scrolls of teleportation.
 33545 | Spider:4 | HP: 28/123 [broodmother (12)]
 33546 | Spider:4 | 33546 ||| DRINKING 4 potions of heal wounds.
 33547 | Spider:4 | 33547 ||| READING 5 scrolls of teleportation.
 33549 | Spider:4 | 33549 ||| DRINKING 3 potions of heal wounds.
 33824 | Spider:4 | 33824 ||| Stepping ~*~*~tactically~*~*~ (stealth).
 33837 | Spider:4 | 33837 ||| INVOKING Heroism.
 33931 | Spider:4 | 33931 ||| Stepping ~*~*~tactically~*~*~ (stealth).
 34012 | Spider:4 | 34012 ||| Stepping ~*~*~tactically~*~*~ (stealth).
 34014 | Spider:4 | 34014 ||| Stepping ~*~*~tactically~*~*~ (stealth).
 34049 | Spider:4 | 34049 ||| Stepping ~*~*~tactically~*~*~ (stealth).
 34179 | Spider:4 | 34179 ||| INVOKING Heroism.
 34189 | Spider:4 | 34189 ||| INVOKING Finesse.
 34204 | Spider:4 | 34204 ||| Stepping ~*~*~tactically~*~*~ (stealth).
 34235 | Spider:4 | 34235 ||| Stepping ~*~*~tactically~*~*~ (stealth).
 34241 | Spider:4 | 34241 ||| INVOKING Heroism.
 34242 | Spider:4 | Received a gift from Okawaru
 34268 | Spider:4 | 34268 ||| Stepping ~*~*~tactically~*~*~ (stealth).
 34335 | Spider:4 | 34335 ||| INVOKING Heroism.
 34336 | Spider:4 | 34336 ||| Stepping ~*~*~tactically~*~*~ (stealth).
 34337 | Spider:4 | 34337 ||| INVOKING Finesse.
 34388 | Spider:4 | 34388 ||| Stepping ~*~*~tactically~*~*~ (stealth).
 34476 | Spider:4 | 34476 ||| FLEEEEING.
 34477 | Spider:4 | 34477 ||| FLEEEEING.
 34478 | Spider:4 | 34478 ||| FLEEEEING.
 34518 | Spider:4 | 34518 ||| FLEEEEING.
 34519 | Spider:4 | 34519 ||| FLEEEEING.
 34520 | Spider:4 | 34520 ||| FLEEEEING.
 34522 | Spider:4 | 34522 ||| FLEEEEING.
 34524 | Spider:4 | 34524 ||| FLEEEEING.
 34525 | Spider:4 | 34525 ||| FLEEEEING.
 34526 | Spider:4 | 34526 ||| FLEEEEING.
 34527 | Spider:4 | 34527 ||| FLEEEEING.
 34528 | Spider:4 | 34528 ||| FLEEEEING.
 34529 | Spider:4 | 34529 ||| FLEEEEING.
 34530 | Spider:4 | 34530 ||| FLEEEEING.
 34531 | Spider:4 | 34531 ||| FLEEEEING.
 34532 | Spider:4 | 34532 ||| FLEEEEING.
 34533 | Spider:4 | 34533 ||| FLEEEEING.
 34534 | Spider:4 | 34534 ||| FLEEEEING.
 34535 | Spider:4 | 34535 ||| FLEEEEING.
 34564 | Spider:4 | 34564 ||| INVOKING Heroism.
 34625 | Spider:4 | Got a gossamer rune of Zot
 34794 | Spider:4 | 34794 ||| INVOKING Finesse.
 34796 | Spider:4 | 34796 ||| Stepping ~*~*~tactically~*~*~ (hiding).
 34898 | Spider:4 | 34898 ||| PLANNING VAULTS:1-4
 34898 | Spider:4 | 34898 ||| DROPPING +0 pair of boots of rampaging.
 34899 | Spider:4 | 34899 ||| READING 21 scrolls of identify.
 34899 | Spider:4 | 34899 ||| IDENTIFYING blue potion
 35182 | Vaults:1 | Entered Level 1 of the Vaults
 35198 | Vaults:1 | 35198 ||| INVOKING Heroism.
 35451 | Vaults:1 | 35451 ||| INVOKING Heroism.
 35452 | Vaults:1 | 35452 ||| INVOKING Finesse.
 35489 | Vaults:1 | Received a gift from Okawaru
 35540 | Vaults:1 | Received a gift from Okawaru
 35695 | Vaults:1 | 35695 ||| INVOKING Heroism.
 35733 | Vaults:1 | Received a gift from Okawaru
 35734 | Vaults:1 | Reached XP level 19. HP: 130/130 MP: 26/26
 35777 | Vaults:1 | 35777 ||| Stepping ~*~*~tactically~*~*~ (hiding).
 35869 | Vaults:1 | 35869 ||| READING 4 scrolls of teleportation.
 35917 | Vaults:1 | Reached skill level 18 in Fighting
 36013 | Vaults:1 | 36013 ||| INVOKING Heroism.
 36042 | Vaults:1 | Received a gift from Okawaru
 36359 | Vaults:1 | 36359 ||| READING scroll of enchant armour.
 36359 | Vaults:1 | 36359 ||| ENCHANTING +5 plate armour of cold resistance.
 36695 | Vaults:1 | 36695 ||| Stepping ~*~*~tactically~*~*~ (hiding).
 36700 | Vaults:1 | 36700 ||| INVOKING Heroism.
 36737 | Vaults:1 | 36737 ||| READING scroll of enchant weapon.
 36737 | Vaults:1 | 36737 ||| ENCHANTING +8 vampiric war axe.
 36743 | Vaults:1 | 36743 ||| Stepping ~*~*~tactically~*~*~ (stealth).
 37182 | Vaults:1 | Found a portal to a secret trove of treasure.
 37183 | Vaults:1 | 37183 ||| DROPPING +1 pair of gloves of hurling.
 37184 | Vaults:1 | 37184 ||| DROPPING ring of ice.
 37185 | Vaults:1 | 37185 ||| DROPPING +6 ring of strength.
 37294 | Vaults:2 | 37294 ||| INVOKING Heroism.
 37296 | Vaults:2 | 37296 ||| STAIRDANCE
 37330 | Vaults:2 | 37330 ||| Stepping ~*~*~tactically~*~*~ (stealth).
 37334 | Vaults:2 | 37334 ||| Stepping ~*~*~tactically~*~*~ (hiding).
 37368 | Vaults:2 | 37368 ||| Stepping ~*~*~tactically~*~*~ (hiding).
 37369 | Vaults:2 | 37369 ||| Stepping ~*~*~tactically~*~*~ (hiding).
 37371 | Vaults:2 | 37371 ||| Stepping ~*~*~tactically~*~*~ (hiding).
 37393 | Vaults:2 | 37393 ||| Stepping ~*~*~tactically~*~*~ (stealth).
 37405 | Vaults:2 | 37405 ||| Stepping ~*~*~tactically~*~*~ (hiding).
 37408 | Vaults:2 | 37408 ||| INVOKING Heroism.
 37427 | Vaults:2 | Noticed Margery
 37428 | Vaults:2 | 37428 ||| DRINKING 3 potions of resistance.
 37429 | Vaults:2 | 37429 ||| INVOKING Finesse.
 37447 | Vaults:2 | Killed Margery
 37448 | Vaults:2 | Reached skill level 18 in Armour
 37485 | Vaults:2 | Identified the +6 quick blade of the Morning {vorpal,
                  | Dex+3} (Okawaru gifted it to you on level 2 of the Vaults)
 37485 | Vaults:2 | Received a gift from Okawaru
 37589 | Vaults:2 | 37589 ||| INVOKING Heroism.
 37606 | Vaults:2 | Noticed Mara
 37607 | Vaults:2 | 37607 ||| INVOKING Finesse.
 37608 | Vaults:2 | 37608 ||| Stepping ~*~*~tactically~*~*~ (hiding).
 37609 | Vaults:2 | 37609 ||| Stepping ~*~*~tactically~*~*~ (hiding).
 37613 | Vaults:2 | 37613 ||| Stepping ~*~*~tactically~*~*~ (hiding).
 37618 | Vaults:2 | 37618 ||| INVOKING Heroism.
 37629 | Vaults:2 | Killed Mara
 37700 | Vaults:2 | 37700 ||| INVOKING Heroism.
 37700 | Vaults:2 | Paralysed by a great orb of eyes for 3 turns
 37943 | Vaults:2 | 37943 ||| Stepping ~*~*~tactically~*~*~ (hiding).
 38031 | Vaults:2 | 38031 ||| INVOKING Heroism.
 38042 | Vaults:2 | Reached skill level 19 in Fighting
 38057 | Vaults:2 | 38057 ||| Stepping ~*~*~tactically~*~*~ (stealth).
 38312 | Vaults:2 | 38312 ||| INVOKING Heroism.
 38508 | Vaults:3 | 38508 ||| Stepping ~*~*~tactically~*~*~ (hiding).
 38512 | Vaults:3 | 38512 ||| INVOKING Finesse.
 38518 | Vaults:3 | Identified the +2 pair of boots of the Hot Ocelot {rF+
                  | Will+++ rCorr Str-2} (Okawaru gifted it to you on level 3
                  | of the Vaults)
 38518 | Vaults:3 | Received a gift from Okawaru
 38647 | Vaults:3 | Reached XP level 20. HP: 139/139 MP: 27/27
 38649 | Vaults:3 | Noticed Zenata
 38654 | Vaults:3 | 38654 ||| INVOKING Heroism.
 38655 | Vaults:3 | 38655 ||| INVOKING Finesse.
 38696 | Vaults:3 | Killed Zenata
 38752 | Vaults:3 | 38752 ||| Stepping ~*~*~tactically~*~*~ (stealth).
 38814 | Vaults:3 | 38814 ||| FLEEEEING.
 38815 | Vaults:3 | 38815 ||| FLEEEEING.
 38816 | Vaults:3 | 38816 ||| FLEEEEING.
 38817 | Vaults:3 | 38817 ||| FLEEEEING.
 38819 | Vaults:3 | 38819 ||| FLEEEEING.
 38820 | Vaults:3 | 38820 ||| FLEEEEING.
 38822 | Vaults:3 | 38822 ||| FLEEEEING.
 38823 | Vaults:3 | 38823 ||| FLEEEEING.
 38824 | Vaults:3 | 38824 ||| FLEEEEING.
 38831 | Vaults:3 | 38831 ||| FLEEEEING.
 38833 | Vaults:3 | 38833 ||| FLEEEEING.
 38834 | Vaults:3 | 38834 ||| FLEEEEING.
 38839 | Vaults:3 | 38839 ||| STAIRDANCE
 38941 | Vaults:2 | 38941 ||| UPGRADING to +2 pair of boots of the Hot Ocelot
                  | {rF+ Will+++ rCorr Str-2}.
 38951 | Vaults:2 | 38951 ||| UPGRADING to +0 tower shield.
 38961 | Vaults:2 | 38961 ||| DROPPING +0 kite shield.
 38995 | Vaults:3 | 38995 ||| INVOKING Heroism.
 39204 | Vaults:3 | 39204 ||| INVOKING Heroism.
 39357 | Vaults:3 | 39357 ||| Stepping ~*~*~tactically~*~*~ (stealth).
 39359 | Vaults:3 | 39359 ||| Stepping ~*~*~tactically~*~*~ (stealth).
 39360 | Vaults:3 | 39360 ||| INVOKING Heroism.
 39361 | Vaults:3 | 39361 ||| INVOKING Finesse.
 39384 | Vaults:3 | 39384 ||| Stepping ~*~*~tactically~*~*~ (hiding).
 39409 | Vaults:3 | Found a staircase to the Crypt.
 39485 | Vaults:3 | 39485 ||| INVOKING Heroism.
 39659 | Vaults:3 | 39659 ||| INVOKING Heroism.
 39660 | Vaults:3 | 39660 ||| Stepping ~*~*~tactically~*~*~ (hiding).
 39662 | Vaults:3 | 39662 ||| Stepping ~*~*~tactically~*~*~ (hiding).
 39676 | Vaults:3 | Noticed Jory
 39714 | Vaults:3 | 39714 ||| INVOKING Heroism.
 39720 | Vaults:3 | Killed Jory
 39721 | Vaults:3 | Reached skill level 18 in Shields
 39998 | Vaults:3 | 39998 ||| INVOKING Heroism.
 40177 | Vaults:3 | Found Hyejoaw's Assorted Antiques.
 40185 | Vaults:3 | 40185 ||| BUYING glowing war axe (312 gold).
 40185 | Vaults:3 | Bought a glowing war axe for 312 gold pieces
 40185 | Vaults:3 | 40185 ||| BUYING potion of heal wounds (240 gold).
 40185 | Vaults:3 | Bought a potion of heal wounds for 240 gold pieces
 40185 | Vaults:3 | 40185 ||| DROPPING +2 vorpal war axe.
 40264 | Vaults:4 | 40264 ||| INVOKING Heroism.
 40265 | Vaults:4 | 40265 ||| Stepping ~*~*~tactically~*~*~ (stealth).
 40474 | Vaults:4 | 40474 ||| FLEEEEING.
 40483 | Vaults:4 | 40483 ||| STAIRDANCE
 40537 | Vaults:4 | 40537 ||| Stepping ~*~*~tactically~*~*~ (hiding).
 40551 | Vaults:4 | 40551 ||| Stepping ~*~*~tactically~*~*~ (hiding).
 40557 | Vaults:4 | 40557 ||| Stepping ~*~*~tactically~*~*~ (stealth).
 40595 | Vaults:4 | 40595 ||| Stepping ~*~*~tactically~*~*~ (stealth).
 40621 | Vaults:4 | Received a gift from Okawaru
 40692 | Vaults:4 | 40692 ||| Stepping ~*~*~tactically~*~*~ (hiding).
 40716 | Vaults:4 | 40716 ||| INVOKING Heroism.
 40742 | Vaults:4 | 40742 ||| Stepping ~*~*~tactically~*~*~ (stealth).
 40772 | Vaults:4 | 40772 ||| INVOKING Heroism.
 40811 | Vaults:4 | 40811 ||| Stepping ~*~*~tactically~*~*~ (hiding).
 40825 | Vaults:4 | Received a gift from Okawaru
 40877 | Vaults:4 | 40877 ||| Stepping ~*~*~tactically~*~*~ (stealth).
 40879 | Vaults:4 | 40879 ||| Stepping ~*~*~tactically~*~*~ (stealth).
 40882 | Vaults:4 | 40882 ||| Stepping ~*~*~tactically~*~*~ (stealth).
 40894 | Vaults:4 | 40894 ||| Stepping ~*~*~tactically~*~*~ (stealth).
 40901 | Vaults:4 | 40901 ||| INVOKING Heroism.
 40938 | Vaults:4 | Noticed Bai Suzhen
 40939 | Vaults:4 | 40939 ||| Stepping ~*~*~tactically~*~*~ (stealth).
 40998 | Vaults:4 | 40998 ||| INVOKING Heroism.
 41079 | Vaults:4 | 41079 ||| INVOKING Heroism.
 41125 | Vaults:4 | 41125 ||| Stepping ~*~*~tactically~*~*~ (hiding).
 41136 | Vaults:4 | 41136 ||| INVOKING Finesse.
 41163 | Vaults:4 | Received a gift from Okawaru
 41242 | Vaults:4 | 41242 ||| Stepping ~*~*~tactically~*~*~ (hiding).
 41243 | Vaults:4 | 41243 ||| Stepping ~*~*~tactically~*~*~ (hiding).
 41318 | Vaults:4 | 41318 ||| INVOKING Heroism.
 41320 | Vaults:4 | 41320 ||| Stepping ~*~*~tactically~*~*~ (hiding).
 41321 | Vaults:4 | 41321 ||| Stepping ~*~*~tactically~*~*~ (hiding).
 41420 | Vaults:4 | Reached XP level 21. HP: 111/144 MP: 28/28
 41432 | Vaults:4 | 41432 ||| INVOKING Heroism.
 41453 | Vaults:4 | Killed Bai Suzhen
 41526 | Vaults:4 | 41526 ||| INVOKING Heroism.
 41626 | Vaults:4 | 41626 ||| INVOKING Heroism.
 41644 | Vaults:4 | 41644 ||| Stepping ~*~*~tactically~*~*~ (stealth).
 41649 | Vaults:4 | 41649 ||| Stepping ~*~*~tactically~*~*~ (stealth).
 41657 | Vaults:4 | Identified the +0 scale mail of Okawaru, Enchanting {+Blink
                  | Will+} (Okawaru gifted it to you on level 4 of the Vaults)
 41657 | Vaults:4 | Received a gift from Okawaru
 42085 | Vaults:4 | 42085 ||| Stepping ~*~*~tactically~*~*~ (hiding).
 42140 | Vaults:4 | 42140 ||| PLANNING SHOALS:4
 42576 | Shoals:4 | Entered Level 4 of the Shoals
 42577 | Shoals:4 | 42577 ||| INVOKING Heroism.
 42578 | Shoals:4 | 42578 ||| STAIRDANCE
 42588 | Shoals:4 | 42588 ||| STAIRDANCE
 42603 | Shoals:4 | 42603 ||| STAIRDANCE
 42644 | Shoals:4 | 42644 ||| Stepping ~*~*~tactically~*~*~ (hiding).
 42714 | Shoals:4 | 42714 ||| Stepping ~*~*~tactically~*~*~ (stealth).
 42716 | Shoals:4 | 42716 ||| Stepping ~*~*~tactically~*~*~ (hiding).
 42718 | Shoals:4 | 42718 ||| INVOKING Heroism.
 42739 | Shoals:4 | 42739 ||| INVOKING Heroism.
 42760 | Shoals:4 | 42760 ||| Stepping ~*~*~tactically~*~*~ (hiding).
 42827 | Shoals:4 | 42827 ||| Stepping ~*~*~tactically~*~*~ (stealth).
 42855 | Shoals:4 | 42855 ||| Stepping ~*~*~tactically~*~*~ (stealth).
 42886 | Shoals:4 | 42886 ||| Stepping ~*~*~tactically~*~*~ (hiding).
 42920 | Shoals:4 | 42920 ||| INVOKING Heroism.
 42995 | Shoals:4 | 42995 ||| Stepping ~*~*~tactically~*~*~ (hiding).
 43029 | Shoals:4 | 43029 ||| INVOKING Heroism.
 43118 | Shoals:4 | 43118 ||| Stepping ~*~*~tactically~*~*~ (hiding).
 43148 | Shoals:4 | Got a barnacled rune of Zot
 43191 | Shoals:4 | 43191 ||| Stepping ~*~*~tactically~*~*~ (hiding).
 43507 | Shoals:4 | 43507 ||| PLANNING DEPTHS
 43507 | Shoals:4 | 43507 ||| DROPPING ring of see invisible.
 43788 | Depths:1 | Entered Level 1 of the Depths
 43796 | Depths:1 | 43796 ||| INVOKING Heroism.
 43797 | Depths:1 | 43797 ||| INVOKING Finesse.
 43874 | Depths:1 | 43874 ||| Stepping ~*~*~tactically~*~*~ (stealth).
 43875 | Depths:1 | 43875 ||| Stepping ~*~*~tactically~*~*~ (stealth).
 43880 | Depths:1 | 43880 ||| Stepping ~*~*~tactically~*~*~ (stealth).
 43882 | Depths:1 | 43882 ||| Stepping ~*~*~tactically~*~*~ (stealth).
 43884 | Depths:1 | 43884 ||| Stepping ~*~*~tactically~*~*~ (hiding).
 43899 | Depths:1 | Reached skill level 20 in Fighting
 43909 | Depths:1 | 43909 ||| Stepping ~*~*~tactically~*~*~ (stealth).
 44040 | Depths:1 | 44040 ||| Stepping ~*~*~tactically~*~*~ (stealth).
 44042 | Depths:1 | 44042 ||| Stepping ~*~*~tactically~*~*~ (stealth).
 44051 | Depths:1 | 44051 ||| INVOKING Heroism.
 44157 | Depths:1 | 44157 ||| INVOKING Heroism.
 44268 | Depths:1 | 44268 ||| INVOKING Heroism.
 44269 | Depths:1 | 44269 ||| INVOKING Finesse.
 44273 | Depths:1 | 44273 ||| Stepping ~*~*~tactically~*~*~ (stealth).
 44309 | Depths:1 | 44309 ||| Stepping ~*~*~tactically~*~*~ (hiding).
 44344 | Depths:1 | Reached skill level 21 in Shields
 44365 | Depths:1 | Received a gift from Okawaru
 44554 | Depths:1 | 44554 ||| Stepping ~*~*~tactically~*~*~ (hiding).
 44556 | Depths:1 | 44556 ||| Stepping ~*~*~tactically~*~*~ (hiding).
 44557 | Depths:1 | 44557 ||| Stepping ~*~*~tactically~*~*~ (hiding).
 44559 | Depths:1 | 44559 ||| Stepping ~*~*~tactically~*~*~ (hiding).
 44677 | Depths:1 | 44677 ||| Stepping ~*~*~tactically~*~*~ (hiding).
 44856 | Depths:1 | Found a gateway to Hell.
 45273 | Depths:1 | 45273 ||| UPGRADING to amulet of the acrobat.
 45314 | Depths:2 | 45314 ||| Stepping ~*~*~tactically~*~*~ (hiding).
 45315 | Depths:2 | 45315 ||| Stepping ~*~*~tactically~*~*~ (hiding).
 45317 | Depths:2 | 45317 ||| INVOKING Heroism.
 45318 | Depths:2 | 45318 ||| INVOKING Finesse.
 45372 | Depths:2 | 45372 ||| INVOKING Heroism.
 45409 | Depths:2 | Received a gift from Okawaru
 45463 | Depths:2 | 45463 ||| Stepping ~*~*~tactically~*~*~ (hiding).
 45468 | Depths:2 | 45468 ||| INVOKING Heroism.
 45469 | Depths:2 | 45469 ||| Stepping ~*~*~tactically~*~*~ (hiding).
 45487 | Depths:2 | Reached skill level 21 in Fighting
 45490 | Depths:2 | Reached XP level 22. HP: 155/155 MP: 29/29
 45501 | Depths:2 | Received a gift from Okawaru
 45509 | Depths:2 | 45509 ||| Stepping ~*~*~tactically~*~*~ (hiding).
 45513 | Depths:2 | 45513 ||| Stepping ~*~*~tactically~*~*~ (hiding).
 45514 | Depths:2 | 45514 ||| Stepping ~*~*~tactically~*~*~ (hiding).
 45587 | Depths:2 | Found the +8 storm bow {elec, penet}
 45776 | Depths:2 | Found Siock's Assorted Antiques.
 45779 | Depths:2 | Found a one-way gateway to a ziggurat.
 45810 | Depths:2 | 45810 ||| BUYING potion of cancellation (400 gold).
 45810 | Depths:2 | Bought a potion of cancellation for 400 gold pieces
 45810 | Depths:2 | 45810 ||| BUYING potion of magic (400 gold).
 45810 | Depths:2 | Bought a potion of magic for 400 gold pieces
 45810 | Depths:2 | 45810 ||| BUYING scroll of teleportation (150 gold).
 45810 | Depths:2 | Bought a scroll of teleportation for 150 gold pieces
 45866 | Depths:2 | Received a gift from Okawaru
 45933 | Depths:2 | 45933 ||| INVOKING Heroism.
 45934 | Depths:2 | 45934 ||| INVOKING Finesse.
 46046 | Depths:2 | 46046 ||| Stepping ~*~*~tactically~*~*~ (hiding).
 46049 | Depths:2 | 46049 ||| INVOKING Heroism.
 46222 | Depths:2 | Found a one-way gate leading to the halls of Pandemonium.
 46312 | Depths:2 | 46312 ||| DROPPING 25 boomerangs.
 46339 | Depths:3 | 46339 ||| INVOKING Heroism.
 46340 | Depths:3 | 46340 ||| STAIRDANCE
 46353 | Depths:3 | 46353 ||| STAIRDANCE
 46355 | Depths:2 | 46355 ||| INVOKING Finesse.
 46356 | Depths:2 | 46356 ||| INVOKING Finesse.
 46433 | Depths:3 | 46433 ||| Stepping ~*~*~tactically~*~*~ (hiding).
 46435 | Depths:3 | 46435 ||| Stepping ~*~*~tactically~*~*~ (hiding).
 46450 | Depths:3 | 46450 ||| INVOKING Heroism.
 46674 | Depths:3 | 46674 ||| INVOKING Heroism.
 46866 | Depths:3 | Noticed Saint Roka
 46867 | Depths:3 | 46867 ||| Stepping ~*~*~tactically~*~*~ (hiding).
 46878 | Depths:3 | 46878 ||| INVOKING Heroism.
 46895 | Depths:3 | Killed Saint Roka
 46952 | Depths:3 | 46952 ||| INVOKING Heroism.
 46984 | Depths:3 | 46984 ||| Stepping ~*~*~tactically~*~*~ (stealth).
 46985 | Depths:3 | 46985 ||| Stepping ~*~*~tactically~*~*~ (stealth).
 46986 | Depths:3 | 46986 ||| Stepping ~*~*~tactically~*~*~ (stealth).
 46996 | Depths:3 | Reached skill level 12 in Throwing
 47140 | Depths:3 | 47140 ||| INVOKING Heroism.
 47181 | Depths:3 | 47181 ||| Stepping ~*~*~tactically~*~*~ (hiding).
 47218 | Depths:3 | 47218 ||| INVOKING Heroism.
 47227 | Depths:3 | Reached skill level 6 in Dodging
 47227 | Depths:3 | 47227 ||| INVOKING Finesse.
 47254 | Depths:3 | Noticed a juggernaut
 47255 | Depths:3 | 47255 ||| INVOKING Heroism.
 47260 | Depths:3 | Noticed a golden dragon
 47274 | Depths:3 | Killed a juggernaut
 47285 | Depths:3 | Killed a golden dragon
 47302 | Depths:3 | Found the amulet of Vitality {RegenMP++ Regen++}
 47313 | Depths:3 | 47313 ||| Stepping ~*~*~tactically~*~*~ (hiding).
 47337 | Depths:3 | 47337 ||| Stepping ~*~*~tactically~*~*~ (hiding).
 47338 | Depths:3 | 47338 ||| Stepping ~*~*~tactically~*~*~ (stealth).
 47345 | Depths:3 | Gained mutation: You are dopey. (Int -2) [a shining eye]
 47347 | Depths:3 | 47347 ||| INVOKING Heroism.
 47347 | Depths:3 | Gained mutation: You sometimes lose your temper in combat.
                  | [a shining eye]
 47349 | Depths:3 | Received a gift from Okawaru
 47351 | Depths:3 | 47351 ||| INVOKING Finesse.
 47405 | Depths:3 | 47405 ||| INVOKING Finesse.
 47419 | Depths:3 | Reached skill level 22 in Fighting
 47462 | Depths:3 | 47462 ||| Stepping ~*~*~tactically~*~*~ (stealth).
 47463 | Depths:3 | 47463 ||| DRINKING 7 potions of mutation.
 47463 | Depths:3 | Lost mutation: You sometimes lose your temper in combat.
                  | [potion of mutation]
 47463 | Depths:3 | Lost mutation: You are dopey. (Int -2) [potion of mutation]
 47463 | Depths:3 | Gained mutation: You are somewhat resistant to further
                  | mutation. [potion of mutation]
 47465 | Depths:3 | 47465 ||| Stepping ~*~*~tactically~*~*~ (stealth).
 47466 | Depths:3 | 47466 ||| Stepping ~*~*~tactically~*~*~ (stealth).
 47468 | Depths:3 | 47468 ||| Stepping ~*~*~tactically~*~*~ (stealth).
 47745 | Depths:3 | 47745 ||| UPGRADING to amulet of Vitality {RegenMP++
                  | Regen++}.
 47755 | Depths:3 | 47755 ||| DROPPING amulet of the acrobat.
 47756 | Depths:3 | 47756 ||| DROPPING ring of fire.
 47768 | Depths:4 | Entered Level 4 of the Depths
 47783 | Depths:4 | 47783 ||| INVOKING Heroism.
 47860 | Depths:4 | 47860 ||| INVOKING Heroism.
 47873 | Depths:4 | Received a gift from Okawaru
 47963 | Depths:4 | 47963 ||| Stepping ~*~*~tactically~*~*~ (stealth).
 47968 | Depths:4 | 47968 ||| Stepping ~*~*~tactically~*~*~ (stealth).
 47971 | Depths:4 | 47971 ||| INVOKING Heroism.
 47971 | Depths:4 | Noticed Sojobo
 47972 | Depths:4 | 47972 ||| INVOKING Finesse.
 47982 | Depths:4 | Received a gift from Okawaru
 47986 | Depths:4 | Reached XP level 23. HP: 157/162 MP: 30/30
 48020 | Depths:4 | Killed Sojobo
 48097 | Depths:4 | Found a gate to the Realm of Zot.
 48097 | Depths:4 | Noticed a golden dragon
 48098 | Depths:4 | 48098 ||| INVOKING Heroism.
 48099 | Depths:4 | 48099 ||| INVOKING Finesse.
 48110 | Depths:4 | Reached skill level 21 in Armour
 48110 | Depths:4 | Killed a golden dragon
 48177 | Depths:4 | 48177 ||| INVOKING Heroism.
 48267 | Depths:4 | 48267 ||| Stepping ~*~*~tactically~*~*~ (stealth).
 48269 | Depths:4 | 48269 ||| INVOKING Heroism.
 48277 | Depths:4 | Received a gift from Okawaru
 48340 | Depths:4 | 48340 ||| INVOKING Heroism.
 48452 | Depths:4 | Noticed a golden dragon
 48453 | Depths:4 | 48453 ||| INVOKING Heroism.
 48454 | Depths:4 | 48454 ||| INVOKING Finesse.
 48471 | Depths:4 | Killed a golden dragon
 48513 | Depths:4 | Received a gift from Okawaru
 48645 | Depths:4 | 48645 ||| PLANNING VAULTS:5
 48963 | Vaults:5 | Entered Level 5 of the Vaults
 48964 | Vaults:5 | 48964 ||| INVOKING Heroism.
 48965 | Vaults:5 | 48965 ||| STAIRDANCE
 48981 | Vaults:5 | 48981 ||| STAIRDANCE
 48997 | Vaults:4 | Received a gift from Okawaru
 49004 | Vaults:5 | 49004 ||| STAIRDANCE
 49006 | Vaults:4 | 49006 ||| INVOKING Heroism.
 49026 | Vaults:4 | 49026 ||| SWAPPING to +1 vampiric broad axe.
 49027 | Vaults:4 | 49027 ||| DROPPING +9 vampiric war axe.
 49028 | Vaults:4 | 49028 ||| READING 2 scrolls of enchant weapon.
 49028 | Vaults:4 | 49028 ||| ENCHANTING +1 vampiric broad axe.
 49029 | Vaults:4 | 49029 ||| READING scroll of enchant weapon.
 49029 | Vaults:4 | 49029 ||| ENCHANTING +2 vampiric broad axe.
 49036 | Vaults:5 | 49036 ||| STAIRDANCE
 49051 | Vaults:5 | 49051 ||| STAIRDANCE
 49064 | Vaults:4 | Received a gift from Okawaru
 49073 | Vaults:5 | 49073 ||| STAIRDANCE
 49097 | Vaults:5 | 49097 ||| STAIRDANCE
 49110 | Vaults:5 | 49110 ||| STAIRDANCE
 49121 | Vaults:5 | 49121 ||| STAIRDANCE
 49123 | Vaults:4 | 49123 ||| INVOKING Heroism.
 49131 | Vaults:5 | 49131 ||| STAIRDANCE
 49169 | Vaults:5 | Received a gift from Okawaru
 49228 | Vaults:5 | 49228 ||| INVOKING Heroism.
 49288 | Vaults:5 | Identified the +1 longbow "Cetath" {vorpal, Str+2 Int+4}
 49288 | Vaults:5 | Noticed a dread lich
 49289 | Vaults:5 | 49289 ||| INVOKING Heroism.
 49290 | Vaults:5 | 49290 ||| INVOKING Finesse.
 49298 | Vaults:5 | Killed a dread lich
 49298 | Vaults:5 | Received a gift from Okawaru
 49322 | Vaults:5 | 49322 ||| Stepping ~*~*~tactically~*~*~ (hiding).
 49372 | Vaults:5 | 49372 ||| Stepping ~*~*~tactically~*~*~ (hiding).
 49378 | Vaults:5 | Noticed an ancient lich
 49379 | Vaults:5 | 49379 ||| INVOKING Finesse.
 49385 | Vaults:5 | 49385 ||| Stepping ~*~*~tactically~*~*~ (hiding).
 49418 | Vaults:5 | Received a gift from Okawaru
 49431 | Vaults:5 | 49431 ||| INVOKING Heroism.
 49455 | Vaults:5 | Reached skill level 18 in Axes
 49463 | Vaults:5 | Noticed an ancient lich
 49464 | Vaults:5 | Reached XP level 24. HP: 168/168 MP: 30/30
 49465 | Vaults:5 | Received a gift from Okawaru
 49469 | Vaults:5 | Killed an ancient lich
 49496 | Vaults:5 | Killed an ancient lich
 49526 | Vaults:5 | Reached ****** piety under Okawaru
 49532 | Vaults:5 | Reached skill level 23 in Fighting
 49538 | Vaults:5 | 49538 ||| INVOKING Heroism.
 49577 | Vaults:5 | 49577 ||| INVOKING Heroism.
 49601 | Vaults:5 | Identified the +9 broad axe of Icsiwn {holy, *Noise Int+4}
 49603 | Vaults:5 | 49603 ||| DROPPING +10 war axe "Juonupp" {antimagic,
                  | Str+4}.
 49616 | Vaults:5 | Found Han Moac's Assorted Antiques.
 49632 | Vaults:5 | 49632 ||| Stepping ~*~*~tactically~*~*~ (stealth).
 49633 | Vaults:5 | 49633 ||| Stepping ~*~*~tactically~*~*~ (stealth).
 49648 | Vaults:5 | 49648 ||| BUYING potion of curing (75 gold).
 49648 | Vaults:5 | Bought a potion of curing for 75 gold pieces
 49648 | Vaults:5 | 49648 ||| BUYING potion of lignification (75 gold).
 49648 | Vaults:5 | Bought a potion of lignification for 75 gold pieces
 49648 | Vaults:5 | 49648 ||| BUYING potion of mutation (200 gold).
 49648 | Vaults:5 | Bought a potion of mutation for 200 gold pieces
 49693 | Vaults:5 | 49693 ||| Stepping ~*~*~tactically~*~*~ (hiding).
 49694 | Vaults:5 | 49694 ||| Stepping ~*~*~tactically~*~*~ (hiding).
 49706 | Vaults:5 | 49706 ||| INVOKING Heroism.
 49722 | Vaults:5 | Received a gift from Okawaru
 49728 | Vaults:5 | 49728 ||| Stepping ~*~*~tactically~*~*~ (stealth).
 49732 | Vaults:5 | 49732 ||| Stepping ~*~*~tactically~*~*~ (hiding).
 49978 | Vaults:5 | Found Zinlanem's Distillery.
 49982 | Vaults:5 | 49982 ||| BUYING 2 potions of curing (72 gold).
 49982 | Vaults:5 | Bought 2 potions of curing for 72 gold pieces
 49982 | Vaults:5 | 49982 ||| BUYING potion of haste (120 gold).
 49982 | Vaults:5 | Bought a potion of haste for 120 gold pieces
 49982 | Vaults:5 | 49982 ||| BUYING potion of might (48 gold).
 49982 | Vaults:5 | Bought a potion of might for 48 gold pieces
 49982 | Vaults:5 | 49982 ||| BUYING potion of might (48 gold).
 49982 | Vaults:5 | Bought a potion of might for 48 gold pieces
 50091 | Vaults:5 | 50091 ||| Stepping ~*~*~tactically~*~*~ (hiding).
 50093 | Vaults:5 | 50093 ||| Stepping ~*~*~tactically~*~*~ (hiding).
 50095 | Vaults:5 | 50095 ||| INVOKING Heroism.
 50210 | Vaults:5 | Got a silver rune of Zot
 50220 | Vaults:5 | Identified the +4 scale mail of the Worm {Harm rC- rN+
                  | Slay+4}
 50433 | Vaults:5 | 50433 ||| PLANNING SHOPPING SPREE
 50433 | Vaults:5 | 50433 ||| DROPPING +2 pair of boots.
 50434 | Vaults:5 | 50434 ||| DROPPING +2 plate armour of poison resistance.
 50435 | Vaults:5 | 50435 ||| DROPPING +2 plate armour of cold resistance.
 50436 | Vaults:5 | 50436 ||| DROPPING scarf of repulsion.
 50437 | Vaults:5 | 50437 ||| DROPPING ring of wizardry.
 50772 | Orc:2    | 50772 ||| BUYING potion of resistance (140 gold).
 50772 | Orc:2    | Bought a potion of resistance for 140 gold pieces
 50919 | D:8      | 50919 ||| BUYING 2 potions of might (240 gold).
 50919 | D:8      | Bought 2 potions of might for 240 gold pieces
 51136 | D:8      | 51136 ||| BUYING ring "Gedghu" {rPois Will+ rCorr Str-3}
                  | (446 gold).
 51136 | D:8      | Bought the ring "Gedghu" {rPois Will+ rCorr Str-3} for 446
                  | gold pieces
 51219 | Orc:2    | 51219 ||| BUYING scroll of acquirement (832 gold).
 51219 | Orc:2    | Bought a scroll of acquirement for 832 gold pieces
 51219 | Orc:2    | 51219 ||| READING scroll of acquirement.
 51219 | Orc:2    | 51219 ||| ACQUIRING 711 gold pieces
 51219 | Orc:2    | Acquired 711 gold pieces
 51221 | Orc:2    | 51221 ||| CLEARING SHOPPING LIST
 51221 | Orc:2    | 51221 ||| PLANNING ZOT:1-4
 51221 | Orc:2    | 51221 ||| READING 15 scrolls of teleportation.
 51226 | Orc:2    | 51226 ||| UPGRADING to scarf of resistance.
 51501 | Zot:1    | Entered Level 1 of the Realm of Zot
 51502 | Zot:1    | 51502 ||| INVOKING Heroism.
 51511 | Zot:1    | HP: 35/166 [quicksilver dragon (11)]
 51512 | Zot:1    | 51512 ||| READING 14 scrolls of teleportation.
 51512 | Zot:1    | HP: 3/166 [something/shard of ice (24)]
 51512 | Zot:1    | Mangled by a black draconian knight

Levels and vault maps discovered:
D:1:      eino_arrival_tree_alley, layout_rooms, serial_forest,
          infiniplex_forest_clump_medium, infiniplex_forest_lined_corner,
          infiniplex_forest_clump_C, infiniplex_forest_side_room,
          infiniplex_forest_straight_3, infiniplex_forest_end_1,
          infiniplex_forest_3_way, infiniplex_forest_diagonal
D:2:      layout_loops_ring, chequers_ecumenical_altar_twisty, uniq_jessica,
          uniq_sigmund
D:3:      layout_loops_ring, gammafunk_ghost_abyssal_escape
D:4:      layout_rooms, minmay_misc_feat_columns, kennysheep_small_spiral,
          nrook_loot_triangle, chequers_serial_rivers_micro_b, uniq_pikel,
          uniq_menkaure
D:5:      layout_loops_corners, general_overflow_altar, xom_confusion_cloud,
          mainiacjoe_overflow_small_starburst, minmay_temple_entry_grid,
          gup_sewer_entry_glass, eino_tiny_chamber, serial_park_tiny_1,
          nicolae_stop_n_shop_2, uniq_crazy_yiuf_cottage, uniq_ijyb
D:6:      layout_rooms, mainiacjoe_overflow_boulevard, jmf_multi_god_temple,
          nicolae_uskayaw_en_pointe
D:7:      layout_rooms, mainiacjoe_overflow_catwalk,
          mainiacjoe_overflow_tiny_flanked, serial_demonic, serial_demonic_b,
          serial_demonic_e, serial_demonic_a, serial_demonic_b,
          nicolae_ossuary_entry_ruins, minmay_shattered_shrine
D:8:      layout_cave_pools, serial_shops, shop, nicolae_shop_crystal,
          nicolae_shop_crystal, skrybe_limestone_x, uniq_gastronok
D:9:      minmay_thick_lines, layout_loops_ring, david_lair_generic,
          enter_bailey_6, nicolae_benzene_ring
D:10:     layout_cave_pools, pdpol_wu_jian_five_deadly_venoms,
          minmay_orc_entry_guard_dogs
D:11:     layout_gridville, hellmonk_ghost_big_iron, uniq_urug, uniq_sonja,
          uniq_josephine, uniq_maurice
D:12:     layout_stronghold, serial_nicolae_subway, nicolae_sub_station_crystal,
          nicolae_sub_station_metal, nicolae_sub_station_stone
D:13:     layout_roguey, david_vaults_2
D:14:     layout_loops_corners, serial_park_paths [serial_park_minivault_5x5_1],
          kennysheep_generic_room_3, uniq_kirke
D:15:     hangedman_depths_entry_try_elsewhere_first, layout_grid_maze,
          serial_park_gazebo [serial_park_minivault_5x5_6], nzn_ghost_randoct,
          elves_outpost_lemuel, uniq_agnes
Temple:   hellmonk_temple_two_chambers
Lair:1:   layout_long_grid
Lair:2:   layout_hall_layers, minmay_shoals_entry_beasts,
          gammafunk_ghost_necromancy, st_stairs_10,
          nicolae_quartered_pool_little, infiniplex_staircase_pool_2
Lair:3:   layout_regular_city, spider_nest_entry_rubble, gammafunk_ghost_ooze,
          forest_entry_grove, uniq_nergalle
Lair:4:   layout_regular_city, small_statue_intersection, grunt_megastairs_4
Lair:5:   minmay_lair_end_enchanted_forest, layout_long_grid, slime_entry_2,
          gauntlet_entry_generic, grunt_forest_large_clearings
Shoals:1: layout_shoals, nicolae_shoals_goliath_grotto, uniq_mlioglotl
Shoals:2: layout_shoals, uniq_ilsuiw
Shoals:3: layout_shoals, nzn_prometheus_bound
Shoals:4: shoals_end_hellmonk_lost_city
Spider:1: nicolae_spider_hilbert_zone_1 [nicolae_spider_hilbert_4_sides_1_open,
          nicolae_spider_hilbert_4_sides_1_open,
          nicolae_spider_hilbert_4_sides_1_open,
          nicolae_spider_hilbert_4_sides_1_open,
          nicolae_spider_hilbert_3_sides_1_open,
          nicolae_spider_hilbert_3_sides_1_open,
          nicolae_spider_hilbert_3_sides_1_open,
          nicolae_spider_hilbert_3_sides_1_open,
          nicolae_spider_hilbert_3_sides_1_open,
          nicolae_spider_hilbert_6_sides_1_open,
          nicolae_spider_hilbert_6_sides_1_open,
          nicolae_spider_hilbert_3_sides_1_open,
          nicolae_spider_hilbert_3_sides_1_open,
          nicolae_spider_hilbert_3_sides_1_open,
          nicolae_spider_hilbert_3_sides_1_open,
          nicolae_spider_hilbert_2_sides_1_open], uniq_aizul, uniq_nikola,
          uniq_frances
Spider:2: layout_cave_pods, nicolae_spider_bzzzt
Spider:3: layout_spider_delve, drop_trap, nicolae_crawler_farm
Spider:4: hellmonk_spider_rune_endless_swarm, gammafunk_ghost_split,
          amcnicky_altar_lugonu_corruption
Orc:1:    layout_caves, serial_shops, shop, shop, nicolae_shop_hallway_plus,
          shop, shop
Orc:2:    st_orc_rangers, layout_caves, uniq_azrael
Vaults:1: v_misc_5, vaults_dpeg_spiral, hangedman_vaults_corner_blocks,
          ontoclasm_vaults_idyll, hangedman_vaults_capsules,
          nicolae_vaults_big_ls, v_rooms_1, v_misc_17, vaults_room_pools,
          vaults_dpeg_encased_lava, layout_vaults_omnigrid,
          trove_entry_hex_spiral
Vaults:2: v_alt_pattern_1, v_rooms_6, hangedman_vaults_corner, vaults_room_grid,
          v_misc_18, grunt_vaults_hallway_short, vaults_room_pools,
          vaults_dpeg_ring, v_misc_14, nicolae_vaults_angled_halls, v_misc_25,
          layout_vaults_big_room, uniq_mara, uniq_margery
Vaults:3: vaults_room_large_hall, vaults_room_pools,
          nicolae_vaults_little_squares_2, minmay_crypt_entry_nasty_monster,
          ontoclasm_vaults_claustrophobia, st_cross,
          nicolae_vaults_network_square, vaults_mumra_chevron,
          nicolae_vaults_twisting_passages, nicolae_vaults_little_squares_4,
          layout_vaults_maze_bifur, serial_shops, nicolae_shop_trees, uniq_jory,
          uniq_zenata
Vaults:4: grunt_vaults_hallway_long, v_misc_17, ontoclasm_vaults_chip,
          nicolae_vaults_little_squares_4, v_misc_30, v_misc_1,
          ontoclasm_vaults_ring_large, nicolae_vaults_asterisk,
          vaults_room_guarded_vault, nicolae_vaults_what_the_h,
          vaults_mumra_lcd, v_misc_3, hangedman_vaults_hat,
          layout_vaults_omnicross, uniq_bai_suzhen
Vaults:5
Depths:1: layout_honeycomb, grunt_hell_entry_dis_mu, nicolae_hexahallways,
          grunt_potential
Depths:2: minmay_shoctagon, layout_basic, enter_ziggurat_a, serial_shops,
          nicolae_shop_crystal, rand_demon_pan_entry_9, hell_entry,
          nicolae_water_bricks, abyss_entry, st_stairs_4, evilmike_minifort
Depths:3: minmay_the_grid_octo_tiled_octocenter_mashed
          [minmay_the_grid_octo_tetromino_candy, minmay_the_grid_octo_toaster,
          minmay_the_grid_octo_77, minmay_the_grid_octo_checkered,
          minmay_the_grid_octo_prize_star,
          minmay_the_grid_square_5x5_misaligned, minmay_the_grid_square_5x5_v,
          minmay_the_grid_square_5x5_mess, minmay_the_grid_square_5x5_corner],
          layout_cave_pools, nicolae_lava_and_water, abyss_entry_crystal,
          rand_demon_pan_entry_1, hell_entry, uniq_saint_roka
Depths:4: grunt_twist_and_shout, layout_cave_pools,
          chequers_serial_rivers_micro_a, hell_entry, rand_demon_pan_entry_7,
          minmay_misc_feat_plants, uniq_sojobo
Zot:1:    gammafunk_dig_for_victory, layout_gridlike, st_stairs_14,
          evilmike_ambush [evilmike_ambush_outer_basic,
          evilmike_ambush_inner_wall_1]

Skill      XL: |  1  2  3  4  5  6  7  8  9 10 11 12 13 14 15 16 17 18 19 20 21 22 23 24 |
---------------+-------------------------------------------------------------------------+-----
Axes           | 2 3 5 6 7 8 10 11 12 13 15 16 18 | 18.0
Fighting       | 4 7 9 10 11 12 14 16 17 19 21 22 23 | 23.0
Dodging        | 1 2 3 4 5 6 |  6.0
Armour         | 4 5 6 7 10 11 12 14 15 16 18 19 20 21 | 21.4
Shields        | 4 5 6 9 11 12 13 14 15 16 20 21 | 21.8
Invocations    | 4 8 10 | 10.0
Throwing       | 1 3 5 6 7 9 10 11 12 13 | 13.0

Action                   |  1- 3 |  4- 6 |  7- 9 | 10-12 | 13-15 | 16-18 | 19-21 | 22-24 || total
-------------------------+-------+-------+-------+-------+-------+-------+-------+-------++-------
Melee: War axe           |    76 |   126 |   426 |   705 |  1211 |  1650 |  1788 |   868 ||  6850
       Flail             |       |       |       |    17 |    72 |       |       |       ||    89
       Broad axe         |       |       |       |       |       |       |       |   491 ||   491
Throw: Boomerang         |       |       |       |    40 |    65 |       |       |       ||   105
       Javelin           |       |       |       |    28 |   151 |   157 |   113 |    56 ||   505
Invok: Heroism           |       |       |     4 |    35 |    45 |    56 |    39 |    30 ||   209
       Finesse           |       |       |       |     2 |    16 |    21 |     9 |    10 ||    58
  Use: Scroll            |     3 |     6 |    11 |     7 |     8 |    15 |     3 |     5 ||    58
       Potion            |     1 |     2 |       |     1 |     2 |     6 |     1 |     1 ||    14
 Stab: Distracted        |       |       |       |     1 |       |       |       |       ||     1
Armor: Scale mail        |    28 |    54 |   277 |   207 |       |       |       |       ||   566
       Plate armour      |       |       |       |   152 |   639 |   962 |   822 |   705 ||  3280
Dodge: Dodged            |    29 |    44 |   203 |   261 |   422 |   744 |   547 |   452 ||  2702
       Repelled          |       |       |       |     4 |     5 |    12 |    12 |    13 ||    46
Block: Buckler           |    13 |    26 |    93 |    92 |       |       |       |       ||   224
       Kite shield       |       |       |       |   114 |   676 |   998 |   253 |       ||  2041
       Tower shield      |       |       |       |       |       |       |  1068 |  1140 ||  2208

Table legend:
 A = Non-vault XP
 B = Vault XP
 C = Vault XP percentage of total XP
 D = Non-vault monster count
 E = Vault monster count
 F = Vault count percentage of total count
                 A         B        C        D         E       F
            +---------+---------+-------+---------+---------+-------
      Total |  450360 |  428578 |  48.8 |    1086 |     688 |  38.8
            +---------+---------+-------+---------+---------+-------
        D:1 |      41 |       0 |   0.0 |      25 |       0 |   0.0
        D:2 |      44 |     276 |  86.2 |      17 |       2 |  10.5
        D:3 |     110 |       0 |   0.0 |      19 |       0 |   0.0
        D:4 |     392 |     835 |  68.1 |      12 |       2 |  14.3
        D:5 |     989 |     224 |  18.5 |      19 |      14 |  42.4
        D:6 |    1377 |      73 |   5.0 |      27 |       2 |   6.9
        D:7 |     289 |    3183 |  91.7 |       7 |      19 |  73.1
        D:8 |    2290 |    1549 |  40.3 |      25 |       1 |   3.8
        D:9 |    4063 |    2493 |  38.0 |      25 |      11 |  30.6
       D:10 |    2683 |     498 |  15.7 |      17 |       3 |  15.0
       D:11 |    3036 |    3797 |  55.6 |      19 |       8 |  29.6
       D:12 |    3940 |       0 |   0.0 |      13 |       0 |   0.0
       D:13 |    3543 |    1577 |  30.8 |       8 |       3 |  27.3
       D:14 |   11070 |    2980 |  21.2 |      23 |       6 |  20.7
       D:15 |   10613 |    8685 |  45.0 |      23 |      13 |  36.1
     Lair:1 |    4100 |       0 |   0.0 |      24 |       0 |   0.0
     Lair:2 |    4984 |    1216 |  19.6 |      17 |       3 |  15.0
     Lair:3 |    4251 |    2069 |  32.7 |      12 |       9 |  42.9
     Lair:4 |   13824 |    1153 |   7.7 |      45 |       2 |   4.3
     Lair:5 |    7695 |   12564 |  62.0 |      23 |      74 |  76.3
   Shoals:1 |    9282 |    5313 |  36.4 |      20 |       6 |  23.1
   Shoals:2 |   15025 |    3976 |  20.9 |      34 |       5 |  12.8
   Shoals:3 |    9055 |    1892 |  17.3 |      19 |       3 |  13.6
   Shoals:4 |    8838 |   25654 |  74.4 |      17 |      36 |  67.9
   Spider:1 |   18216 |   11999 |  39.7 |      47 |      13 |  21.7
   Spider:2 |   12283 |    2205 |  15.2 |      36 |       6 |  14.3
   Spider:3 |   21140 |    2281 |   9.7 |      51 |       7 |  12.1
   Spider:4 |   23490 |   17778 |  43.1 |      58 |      35 |  37.6
      Orc:1 |    3867 |       0 |   0.0 |      34 |       0 |   0.0
      Orc:2 |    1272 |    6931 |  84.5 |      27 |      39 |  59.1
   Vaults:1 |   28107 |   25968 |  48.0 |      43 |      33 |  43.4
   Vaults:2 |   23418 |   21498 |  47.9 |      37 |      23 |  38.3
   Vaults:3 |   25875 |   12972 |  33.4 |      36 |      12 |  25.0
   Vaults:4 |   45579 |   63027 |  58.0 |      66 |      69 |  51.1
   Vaults:5 |   31632 |   72369 |  69.6 |      50 |      62 |  55.4
   Depths:1 |   17068 |   10583 |  38.3 |      20 |      13 |  39.4
   Depths:2 |   22160 |   23366 |  51.3 |      29 |      21 |  42.0
   Depths:3 |   24745 |   43460 |  63.7 |      29 |      42 |  59.2
   Depths:4 |   29974 |   26692 |  47.1 |      33 |      22 |  40.0
      Sewer |       0 |     287 | 100.0 |       0 |      23 | 100.0
    Ossuary |       0 |     328 | 100.0 |       0 |      29 | 100.0
   Gauntlet |       0 |    6827 | 100.0 |       0 |      17 | 100.0
            +---------+---------+-------+---------+---------+-------
